 Dungeon Crawl Stone Soup version 0.29.1-1-gd02db6906a (webtiles) character file.

Game seed: 1704953952476655177

1276679 sleeves the Ninja (level 26, 160/165 HPs)
             Began as a Spriggan Brigand on Sept 19, 2022.
             Was an Initiate of Gozag.
             Escaped with the Orb
             ... and 3 runes on Sept 21, 2022!
             The game lasted 08:05:56 (140216 turns).

sleeves the Ninja (Spriggan Brigand)              Turns: 140216, Time: 08:05:57

Health: 160/165    AC:  7    Str: 18    XL:     26   Next: 88%
Magic:  46/46      EV: 35    Int: 22    God:    Gozag
Gold:   3598       SH: 12    Dex: 22    Spells: 8/61 levels left

rFire   + + .      SeeInvis +   b - +7 Spriggan's Knife {stab, EV+4 Stlth+}
rCold   + + +      Faith    .   X - +2 buckler
rNeg    + + .      Spirit   .   P - +1 robe of the Mind {rF+ rCorr Archmagi}
rPois   +          Reflect  .   Z - +1 hat of Negligence {Str+7 Int+3}
rElec   +          Harm     .   R - +2 cloak {rPois}
rCorr   +          Rampage  .   (gloves unavailable)
Will    +++++      Archmagi +   (boots unavailable)
Stlth   ++++......              q - amulet of the Air {Inacc Air Fly rElec RMsl}
HPRegen 0.37/turn               S - ring of Yciokliq {rC++ Str+6 Dex+2}
MPRegen 0.30/turn               w - ring of Ybazxuci {rF+ rN++ Will+ Int-2}

@: flying, hasted, repel missiles, very quick
A: very small, no large weapons, unfitting armour, see invisible, speed 3, horns
2, cold resistance 1, robust 1, weak 1, inability to drink after injury 1,
sturdy frame 1
0: Orb of Zot
}: 3/15 runes: barnacled, silver, gossamer
a: Renounce Religion, Potion Petition, Call Merchant, Bribe Branch


You escaped.
You worshipped Gozag.
Gozag was most pleased with you.
You visited 11 branches of the dungeon, and saw 51 of its levels.
You also visited: Trove and Gauntlet.

You collected 27795 gold pieces.
You spent 8467 gold pieces at shops.
You paid 15730 gold pieces to Gozag.

Inventory:

Hand Weapons
 a - the +6 falchion "Hiebb" {flame, rElec Str+3}
   (You found it on level 5 of the Vaults)

   It burns those it strikes, dealing additional fire damage.
   Big, fiery blades are also staple armaments of hydra-hunters.
   Str:       It affects your strength (+3).
   rElec:     It insulates you from electricity.
 b - the +7 Spriggan's Knife (weapon) {stab, EV+4 Stlth+}
   (You bought it in a shop on level 4 of the Depths)

   It is more effective when stabbing unaware enemies, sometimes treating them
   as though they were completely helpless.
   EV:        It affects your evasion (+4).
   Stlth:     It makes you more stealthy.
 e - the +10 short sword "Xaucw" {vorpal, rN+ Str+2 Int-3}
   (You took it off a vault warden on level 5 of the Vaults)

   It inflicts extra damage upon your enemies.
   Str:       It affects your strength (+2).
   Int:       It affects your intelligence (-3).
   rN:        It protects you from negative energy.
 i - the +8 dagger of Laceration {vorpal, rF++ SInv}
   (You took it off an ironbound convoker on level 5 of the Vaults)

   It inflicts extra damage upon your enemies.
   rF:        It greatly protects you from fire.
   SInv:      It lets you see invisible.
 u - the +8 rapier of Uskayaw's Regard {drain, rC+ Dex+4}
   (You bought it in a shop on level 11 of the Dungeon)

   A truly terrible weapon, it drains the life of any living foe it strikes.
   Dex:       It affects your dexterity (+4).
   rC:        It protects you from cold.
Missiles
 n - 16 boomerangs of dispersal
 x - 22 atropa-tipped darts
 H - 4 curare-tipped darts
 M - 2 datura-tipped darts
Armour
 K - the +2 troll leather armour of Lugonu's Delight {rElec Regen+ Str+8}
   (You bought it in a shop on level 4 of the Depths)

   Str:       It affects your strength (+8).
   rElec:     It insulates you from electricity.
   Regen:     It increases your rate of health regeneration.
 P - the +1 robe of the Mind (worn) {rF+ rCorr Archmagi}
   (You found it on level 8 of the Dungeon)

   rF:        It protects you from fire.
   rCorr:     It protects you from acid and corrosion.
   Archmagi:  It increases the power of your magical spells.
 R - a +2 cloak of poison resistance (worn)
   (You took it off Maurice on level 10 of the Dungeon)
 X - a +2 buckler (worn)
   (You took it off a deep elf knight on level 1 of the Elven Halls)
 Z - the +1 hat of Negligence (worn) {Str+7 Int+3}
   (You found it on level 4 of the Spider Nest)

   Str:       It affects your strength (+7).
   Int:       It affects your intelligence (+3).
Jewellery
 h - the ring "Zaschabi" {rElec MP+9 Str+5}
   (You found it in a treasure trove)

   [ring of magical power]

   Str:       It affects your strength (+5).
   rElec:     It insulates you from electricity.
   MP:        It affects your magic capacity (+9).
 q - the amulet of the Air (around neck) {Inacc Air Fly rElec RMsl}
   (You took it off a merfolk on level 4 of the Shoals)

   [amulet of nothing]

   It reduces the accuracy of all your attacks.
   It enhances your air magic.
   rElec:     It insulates you from electricity.
   Fly:       It grants you flight.
   RMsl:      It protects you from missiles.
 w - the ring of Ybazxuci (right hand) {rF+ rN++ Will+ Int-2}
   (You bought it in a shop on level 1 of the Dungeon)

   [ring of willpower]

   Int:       It affects your intelligence (-2).
   rF:        It protects you from fire.
   rN:        It greatly protects you from negative energy.
   Will:      It increases your willpower.
 S - the ring of Yciokliq (left hand) {rC++ Str+6 Dex+2}
   (You bought it in a shop on level 15 of the Dungeon)

   [ring of strength]

   Str:       It affects your strength (+6).
   Dex:       It affects your dexterity (+2).
   rC:        It greatly protects you from cold.
Wands
 c - a wand of paralysis (26)
   (You took it off a vault sentinel on level 5 of the Vaults)
 d - a wand of digging (14)
   (You took it off Ijyb on level 3 of the Dungeon)
 t - a wand of acid (10)
   (You found it in a treasure trove)
 T - a wand of mindburst (15)
   (You found it on level 2 of the Elven Halls)
 Y - a wand of iceblast (31)
   (You found it on level 3 of the Lair of Beasts)
Scrolls
 g - 7 scrolls of immolation
 l - 7 scrolls of fear
 m - 5 scrolls of blinking
 o - 5 scrolls of torment
 s - 24 scrolls of teleportation
 v - 7 scrolls of butterflies
 y - 7 scrolls of amnesia
 F - 7 scrolls of magic mapping
 G - 3 scrolls of summoning
 I - a scroll of brand weapon
 U - 9 scrolls of enchant weapon
 V - 3 scrolls of enchant armour
 W - 10 scrolls of vulnerability
Potions
 f - 2 potions of heal wounds
 j - 6 potions of mutation
 k - 2 potions of haste
 p - 18 potions of curing
 r - 5 potions of berserk rage
 z - 4 potions of brilliance
 A - 10 potions of attraction
 B - 6 potions of cancellation
 C - 3 potions of resistance
 D - a potion of magic
 E - 8 potions of invisibility
 L - 10 potions of flight
 N - 7 potions of ambrosia
 O - 8 potions of might
Miscellaneous
 Q - a phantom mirror
   (You found it on level 11 of the Dungeon)


   Skills:
 + Level 19.1 Fighting
 - Level 14.0 Short Blades
 - Level 2.3 Staves
 - Level 6.0 Throwing
 - Level 15.0 Dodging
 O Level 27 Stealth
 - Level 12.0 Shields
 - Level 18.0 Spellcasting
 - Level 20.0 Hexes
 - Level 18.0 Summonings
 - Level 14.1 Translocations


You had 8 spell levels left.
You knew the following spells:

 Your Spells              Type           Power      Damage    Failure   Level
a - Enfeeble              Hex            52%        N/A       1%          7
b - Discord               Hex            52%        N/A       8%          8
c - Malign Gateway        Summ/Tloc      47%        N/A       4%          7
d - Blink                 Tloc           100%       N/A       1%          2
e - Cause Fear            Hex            52%        N/A       0%          4
f - Summon Mana Viper     Hex/Summ       100%       N/A       1%          5
g - Summon Hydra          Summ           49%        N/A       2%          7
h - Monstrous Menagerie   Summ           49%        N/A       2%          7
j - Dispersal             Tloc           44%        N/A       1%          6

Your spell library contained the following spells:

 Spells                   Type           Power      Damage    Failure   Level
 Apportation              Tloc           100%       N/A       0%          1
 Summon Small Mammal      Summ           100%       N/A       0%          1
 Call Imp                 Summ           99%        N/A       0%          2
 Call Canine Familiar     Summ           99%        N/A       0%          3
 Portal Projectile        Hex/Tloc       100%       N/A       0%          3
 Summon Guardian Golem    Hex/Summ       100%       N/A       0%          3
 Ensorcelled Hibernation  Hex/Ice        100%       N/A       1%          2
 Gell's Gravitas          Tloc           89%        N/A       1%          3
 Inner Flame              Hex/Fire       77%        N/A       1%          3
 Lesser Beckoning         Tloc           89%        N/A       1%          3
 Teleport Other           Tloc           89%        N/A       1%          3
 Anguish                  Hex/Necr       38%        N/A       1%          4
 Animate Armour           Summ/Erth      100%       N/A       1%          4
 Fulminant Prism          Conj/Hex       38%        3d18      1%          4
 Leda's Liquefaction      Hex/Erth       38%        N/A       1%          4
 Summon Ice Beast         Ice/Summ       73%        N/A       1%          4
 Manifold Assault         Tloc           89%        N/A       1%          5
 Summon Forest            Summ/Tloc      47%        N/A       1%          5
 Summon Cactus Giant      Summ           49%        N/A       1%          6
 Iskenderun's Mystic Bla  Conj/Tloc      66%        2d14      2%          4
 Freeze                   Ice            100%       1d11      4%          1
 Magic Dart               Conj           100%       1d8       4%          1
 Necrotise                Necr           100%       1d9       4%          1
 Sandblast                Erth           58%        2d13      4%          1
 Shock                    Conj/Air       100%       1d9       4%          1
 Sting                    Tmut/Pois      100%       1d8       4%          1
 Passwall                 Tmut/Erth      24%        N/A       6%          2
 Poisonous Vapours        Pois/Air       88%        N/A       6%          2
 Searing Ray              Conj           58%        2d6       6%          2
 Sublimation of Blood     Necr           29%        N/A       6%          2
 Wereblood                Tmut           29%        N/A       6%          2
 Conjure Flame            Conj/Fire      29%        6-21      12%         3
 Frozen Ramparts          Ice            58%        1d9       12%         3
 Ignite Poison            Fire/Tmut/Pois 29%        N/A       12%         3
 Mephitic Cloud           Conj/Pois/Air  44%        N/A       12%         3
 Spider Form              Tmut/Pois      29%        N/A       12%         3
 Stone Arrow              Conj/Erth      58%        3d10      12%         3
 Swiftness                Air            44%        N/A       12%         3
 Vampiric Draining        Necr           29%        2d8       12%         3
 Airstrike                Air            22%        2d(4-20)  38%         4
 Dispel Undead            Necr           29%        3d13      38%         4
 Flame Wave               Conj/Fire      29%        2d9       38%         4
 Ice Form                 Ice/Tmut       29%        N/A       38%         4
 Olgreb's Toxic Radiance  Pois           29%        N/A       38%         4
 Sticky Flame             Conj/Fire      29%        2d5       38%         4
 Disjunction              Tloc           44%        N/A       63%         8
 Haunt                    Necr/Summ      36%        N/A       65%         7
 Agony                    Necr           29%        N/A       75%         5
 Alistair's Intoxication  Tmut/Pois      19%        N/A       75%         5
 Blade Hands              Tmut           14%        N/A       75%         5
 Borgnjor's Vile Clutch   Necr/Erth      14%        N/A       75%         5
 Fireball                 Conj/Fire      14%        3d8       75%         5
 Freezing Cloud           Conj/Ice/Air   22%        6-21      75%         5
 Iskenderun's Battlesphe  Conj           29%        2d8       75%         5
 Lee's Rapid Deconstruct  Erth           14%        3d10*     75%         5
 Conjure Ball Lightning   Conj/Air       22%        3x3d6     99%         6
 Eringya's Noxious Bog    Tmut/Pois      14%        N/A       99%         6
 Starburst                Conj/Fire      14%        6d6       99%         6
 Statue Form              Tmut/Erth      19%        N/A       99%         6
 Orb of Destruction       Conj           14%        9d7       100%        7
 Borgnjor's Revivificati  Necr           14%        N/A       100%        8
 Ignition                 Fire           14%        3d6       100%        8
 Infestation              Necr           14%        N/A       100%        8
 Lehudib's Crystal Spear  Conj/Erth      14%        10d5      100%        8
 Fire Storm               Conj/Fire      14%        8d4       100%        9
 Shatter                  Erth           14%        3d14*     100%        9
 Animate Dead             Necr           Unusable   N/A       N/A         4
 Simulacrum               Ice/Necr       Unusable   N/A       N/A         6

Dungeon Overview and Level Annotations

Branches:
Dungeon (15/15)            Temple (1/1) D:7            Lair (5/5) D:8
 Shoals (4/4) Lair:3       Spider (4/4) Lair:2        Slime (0/5) Lair:5
    Orc (2/2) D:11            Elf (3/3) Orc:2        Vaults (5/5) D:13
  Crypt (3/3) Vaults:3       Tomb (0/3) Crypt:3      Depths (4/4) D:15
    Zot (5/5) Depths:4    Gauntlet (visited)

Altars:
Ashenzari
Dithmenos
Elyvilon
Fedhas
Gozag
Hepliaklqana
Kikubaaqudgha
Makhleb
Nemelex Xobeh
Qazlal
Ru
Sif Muna
Trog
Uskayaw
Vehumet
Wu Jian
Xom
Yredelemnul
Zin
The Shining One
Lugonu

Shops:
D:1 =   D:4 :   D:7 =   D:11 (   D:14 *   D:15 [?=*:=[:   Orc:2 !:[(   Elf:1 ?
Shoals:3 [   Vaults:1 (   Vaults:2 =   Depths:4 ([

Portals:
Hell: Depths:1 Depths:2 Depths:3 Depths:4
Abyss: Depths:3
Pandemonium: Depths:2 Depths:3
Ziggurat: Depths:1

Annotations:
D:5 1 runed translucent door, Braxton's ghost, amateur NaVM
D:9 exclusions: door and downstairs
D:10 2 runed translucent doors, 2 exclusions
D:13 1 runed translucent door, Powertoast's ghost, adept DjCj
D:15 Roxanne
Lair:1 exclusion: 2 electric eels
Lair:4 2 transporters, videwesjr's ghost, journeyman MiBe
Shoals:2 exclusion: downstairs
Orc:1 3 runed translucent doors, liarliar's ghost, journeyman DsIE
Orc:2 exclusion: upstairs
Elf:1 3 runed translucent doors, exclusions: door, 2 freezing wraiths, ice dragon, obsidian statue, shard shrike and simulacrum, videwesjr's ghost, journeyman MiFi
Vaults:4 exclusions: door and upstairs


Innate Abilities, Weirdness & Mutations

You are very small and have problems with some larger weapons.
You are too small for most types of armour.
You have supernaturally acute eyesight. (SInv)
You cover ground extremely quickly. (Speed+++)
You have a pair of horns on your head.
Your flesh is cold resistant. (rC+)
You are robust. (+10% HP)
You are weak. (Str -2)
You occasionally lose the ability to drink potions when taking damage.
Your movements are slightly less encumbered by armour. (ER -2)


Message History

Your seven-headed hydra completely misses the curse toe.
Your seven-headed hydra bites the curse toe!
Your seven-headed hydra bites the curse toe but does no damage.
Your seven-headed hydra bites the curse toe.
You completely miss the curse toe.
You headbutt the curse toe, but do no damage.
The curse toe is heavily damaged.
You hit the curse toe but do no damage.
You headbutt the curse toe, but do no damage.
The curse toe is heavily damaged.
Your seven-headed hydra bites the curse toe!
Your seven-headed hydra bites the curse toe.
Your seven-headed hydra bites the curse toe but does no damage.
Your seven-headed hydra bites the curse toe!
Your seven-headed hydra bites the curse toe.
Your seven-headed hydra bites the curse toe but does no damage.
Your seven-headed hydra bites the curse toe.
The helpless curse toe fails to defend itself.
You stick the curse toe like a pincushion!!!!!
You destroy the curse toe!
Your seven-headed hydra disappears in a puff of smoke!
Your four-headed hydra disappears in a puff of smoke!
Your mana viper disappears in a puff of smoke!
Key pressed, stopping explore.
Key pressed, stopping explore.
HP restored.
You now have 6145 gold pieces (gained 7).
Key pressed, stopping explore.
Partly explored, can't reach some places.
Partly explored, can't reach some places.
Partly explored, can't reach some places.
An Orb Guardian comes into view.
An Orb Guardian comes into view.
An Orb Guardian comes into view.
You catch the helpless Orb Guardian completely off-guard!
You stick the Orb Guardian like a pincushion!!!
You headbutt the Orb Guardian, but do no damage.
The Orb Guardian is almost dead.
Casting: Summon Mana Viper (safe; 1% risk of failure)
Confirm with . or Enter, or press ? or * to list all spells.
Aiming: Enfeeble (mildly dangerous; 1% risk of failure)
Press: ? - help, Shift-Dir - straight line, f - Orb Guardian
Aim: an Orb Guardian (almost dead, will inflict weakness, chance to daze and blind: 58%)
You feel a surge of power!
The Orb Guardian partially resists.
The Orb Guardian is enfeebled!
The Orb Guardian hits you! The Orb Guardian hits you.
Casting: Enfeeble (mildly dangerous; 1% risk of failure)
Confirm with . or Enter, or press ? or * to list all spells.
Casting: Dispersal (mildly dangerous; 1% risk of failure)
Press: ? - help, Dir - look around, f - activate You feel a surge of power!
The Orb Guardian blinks! x2
Casting: Dispersal (mildly dangerous; 1% risk of failure)
Confirm with . or Enter, or press ? or * to list all spells.
Aiming: Enfeeble (mildly dangerous; 1% risk of failure)
Press: ? - help, Shift-Dir - straight line, f - Orb Guardian
Aim: an Orb Guardian (will inflict weakness, chance to daze and blind: 58%)
You feel a surge of power!
The Orb Guardian is enfeebled!
You block the Orb Guardian's attack.
Casting: Enfeeble (mildly dangerous; 1% risk of failure)
Confirm with . or Enter, or press ? or * to list all spells.
Aiming: Enfeeble (mildly dangerous; 1% risk of failure)
Press: ? - help, Shift-Dir - straight line, f - Orb Guardian, p - Orb Guardian
Aim: an Orb Guardian (will inflict weakness, chance to daze and blind: 58%)
You feel a surge of power!
The Orb Guardian is enfeebled!
The Orb Guardian completely misses you.
The Orb Guardian is lost in a daze.
The Orb Guardian completely misses you.
The helpless Orb Guardian fails to defend itself.
You stick the Orb Guardian like a pincushion!!!!!!
You kill the Orb Guardian!
The Orb Guardian hits you!!
The helpless Orb Guardian fails to defend itself.
You spit the Orb Guardian like a pig!!!!!
You kill the Orb Guardian!
You hit the Orb Guardian.
The Orb Guardian is severely wounded.
The Orb Guardian hits you!!
Casting: Enfeeble (mildly dangerous; 1% risk of failure)
Confirm with . or Enter, or press ? or * to list all spells.
Aiming: Enfeeble (mildly dangerous; 1% risk of failure)
Press: ? - help, Shift-Dir - straight line, f - Orb Guardian
Aim: an Orb Guardian (severely wounded, weak, will inflict weakness, chance to daze and blind: 58%)
You feel a surge of power!
The Orb Guardian partially resists.
The Orb Guardian is enfeebled!
You block the Orb Guardian's attack.
Casting: Enfeeble (mildly dangerous; 1% risk of failure)
Confirm with . or Enter, or press ? or * to list all spells.
You feel a surge of power!
An eight-headed hydra appears.
* * * LOW MAGIC WARNING * * *
The Orb Guardian completely misses you.
The Orb Guardian is distracted by your dazzling golden aura.
You strike the helpless Orb Guardian from behind!
You skewer the Orb Guardian like a kebab!!!
You kill the Orb Guardian!
You now have 6174 gold pieces (gained 29).
You now have 6192 gold pieces (gained 18).
An Orb Guardian comes into view.
Your Orb Guardian grins greedily, jangling a coin purse.
You swap places.
You now have 6211 gold pieces (gained 19).
You start resting.
Your eight-headed hydra disappears in a puff of smoke!
An Orb Guardian comes into view.
An Orb Guardian is nearby!
You start resting.
Magic restored.
You start resting.
HP restored.
You now have 6224 gold pieces (gained 13).
The dread lich stares, then turns away, jangling a coin purse.
A dread lich comes into view.
A moth of wrath comes into view.
Found a potion of experience.
You swap places.
An Orb Guardian comes into view.
The helpless moth of wrath fails to defend itself.
You stick the moth of wrath like a pincushion!!!!!!
You kill the moth of wrath!
J - a potion of experience You feel more experienced!
Your Short Blades skill increases to level 13!
You have reached level 26!
You now have 6233 gold pieces (gained 9).
An Orb Guardian comes into view.
An Orb Guardian comes into view.
Found a dagger.
The Orb Guardian is distracted by your dazzling golden aura.
The Orb Guardian is distracted by your dazzling golden aura.
You catch the helpless Orb Guardian completely off-guard!
You spit the Orb Guardian like a pig!!!
The Orb Guardian is no longer distracted by gold.
The Orb Guardian is severely wounded.
You block the Orb Guardian's attack.
Casting: Summon Hydra (dangerous; 2% risk of failure)
Confirm with . or Enter, or press ? or * to list all spells.
Aiming: Enfeeble (mildly dangerous; 1% risk of failure)
Press: ? - help, Shift-Dir - straight line, f - Orb Guardian
Aim: an Orb Guardian (severely wounded, will inflict weakness, chance to daze and blind: 58%)
You feel a surge of power!
The Orb Guardian is enfeebled!
You hear a deafening roar!
The Orb Guardian is lost in a daze.
The Orb Guardian enters a dispersal trap!
The Orb Guardian blinks! x4; You blink.
The Killer Klown stares, then turns away, jangling a coin purse.
Found a robe.
The Orb Guardian blinks!
The golden dragon is distracted by your dazzling golden aura.
You hear a shout! x2; You hear a deafening roar!
You feel yourself speed up.
The golden dragon is no longer distracted by gold.
The storm dragon breathes lightning at you.
The bolt of lightning misses you.
The curse toe gives a chilling moan.
You hear a roar!
The dread lich shouts!
You hear a deafening roar!
You hear a shout!
The Killer Klown stares, then turns away, jangling a coin purse.
A Killer Klown comes into view. It is wielding a +8 club of flaming.
The storm dragon breathes lightning at you.
The bolt of lightning misses you.
The Orb Guardian is no longer distracted by gold.
The dread lich mumbles some strange words.
The dread lich flickers and vanishes for a moment.
The Orb Guardian disappears!
Casting: Enfeeble (mildly dangerous; 1% risk of failure)
Confirm with . or Enter, or press ? or * to list all spells.
You feel a surge of power!
The dungeon shakes, a horrible noise fills the air, and a portal to some otherworldly place is opened!
The Orb Guardian disappears!
The storm dragon breathes lightning at you.
The bolt of lightning misses you.
The storm dragon disappears!
Casting: Malign Gateway (dangerous; 4% risk of failure)
Confirm with . or Enter, or press ? or * to list all spells.
Aiming: Enfeeble (mildly dangerous; 1% risk of failure)
Press: ? - help, Shift-Dir - straight line, f - Orb Guardian
Aim: an Orb Guardian (will inflict weakness, chance to daze and blind: 58%)
You feel a surge of power!
The Orb Guardian is enfeebled!
The Orb Guardian is lost in a daze.
The dread lich touches your eldritch tentacle but does no damage.
The helpless Orb Guardian fails to defend itself.
You skewer the Orb Guardian like a kebab!!!!!!
You kill the Orb Guardian!
Your eldritch tentacle slaps the dread lich!
Your eldritch tentacle sears the dread lich!!
Your eldritch tentacle claws the dread lich but does no damage.
Casting: Enfeeble (mildly dangerous; 1% risk of failure)
Confirm with . or Enter, or press ? or * to list all spells.
You can't see any susceptible monsters within range! (Use Z to cast anyway.) Unknown command.
The dread lich mumbles some strange words.
You see here 31 gold pieces.
Your eldritch tentacle slaps the dread lich but does no damage.
Your eldritch tentacle claws the dread lich!
Your eldritch tentacle sears the dread lich!!
The dread lich touches your eldritch tentacle but does no damage.
A Killer Klown comes into view. It is wielding a +9 antimagic club.
The Killer Klown stares, then turns away, jangling a coin purse.
Your eldritch tentacle slaps the dread lich but does no damage.
Your eldritch tentacle claws the dread lich!!
The dread lich is destroyed!
The cacodemon disappears in a puff of smoke!
The curse toe gives a chilling moan.
You block the storm dragon's attack. The storm dragon completely misses you.
The storm dragon closely misses you.
Casting: Enfeeble (mildly dangerous; 1% risk of failure)
Confirm with . or Enter, or press ? or * to list all spells.
Aiming: Enfeeble (mildly dangerous; 1% risk of failure)
Press: ? - help, Shift-Dir - straight line, f - storm dragon
Aim: a storm dragon (will inflict weakness, chance to daze and blind: 74%)
You feel a surge of power!
The storm dragon is enfeebled!
Your eldritch tentacle barely misses the storm dragon.
Your eldritch tentacle claws the storm dragon!!
Your eldritch tentacle draws strength from the storm dragon's injuries!
You catch the helpless storm dragon completely off-guard!
You perforate the storm dragon like a sieve!!!!
You kill the storm dragon!
A moth of wrath comes into view.
The moth of wrath's fur bristles in rage as it notices you.
The moth of wrath moves out of view.
The dread lich stares, then turns away, jangling a coin purse.
A dread lich comes into view.
You see here 7 gold pieces.
You see here 7 gold pieces.
Your eldritch tentacle segment cannot move out of your way!
Unknown command.
Casting: Enfeeble (mildly dangerous; 1% risk of failure)
Confirm with . or Enter, or press ? or * to list all spells.
Aiming: Enfeeble (mildly dangerous; 1% risk of failure)
Press: ? - help, Shift-Dir - straight line, f - curse toe
Aim: a curse toe (ally target, will inflict antimagic)
You feel a surge of power!
The curse toe partially resists.
The curse toe is enfeebled!
Your eldritch tentacle slaps the curse toe.
Your eldritch tentacle freezes the curse toe!
The curse toe resists.
Your eldritch tentacle claws the curse toe but does no damage.
The curse toe calls on the powers of darkness!
Your body is wracked with pain!
Your eldritch tentacle slaps the curse toe.
The curse toe is unaffected.
Your eldritch tentacle claws the curse toe!
The curse toe is engulfed in flames.
The curse toe completely resists.
Your eldritch tentacle slaps the curse toe but does no damage.
Your eldritch tentacle claws the curse toe!!
Your eldritch tentacle shocks the curse toe.
The curse toe resists.
The curse toe is distracted by your dazzling golden aura.
The curse toe gives a chilling moan.
What are your orders? t - Shout!
Orders for allies: a - Attack new target. p - Attack previous target. r - Retreat! s - Stop attacking. g - Guard the area. f - Follow me.
Anything else - Cancel.
Gang up on whom?
Press: ? - help, Dir - move target, f/p - curse toe
Aim: a curse toe (heavily damaged, ally target, magic disrupted) Attack!
Your eldritch tentacle slaps the curse toe!!
Your eldritch tentacle sears the curse toe!!
The curse toe is no longer distracted by gold.
Your eldritch tentacle claws the curse toe!!
The curse toe is destroyed!
Casting: Enfeeble (mildly dangerous; 1% risk of failure)
Confirm with . or Enter, or press ? or * to list all spells.
Aiming: Enfeeble (mildly dangerous; 1% risk of failure)
Press: ? - help, Shift-Dir - straight line, f - Orb Guardian
Aim: an Orb Guardian (will inflict weakness, chance to daze and blind: 58%)
You feel a surge of power!
You miscast Enfeeble.
You are very lightly contaminated with residual magic.
Nothing appears to happen.
* * * LOW MAGIC WARNING * * *
Casting: Enfeeble (mildly dangerous; 1% risk of failure)
Confirm with . or Enter, or press ? or * to list all spells.
Aiming: Enfeeble (mildly dangerous; 1% risk of failure)
Press: ? - help, Shift-Dir - straight line, f/p - Orb Guardian
Aim: an Orb Guardian (ally target, will inflict weakness, chance to daze and blind: 58%)
You feel a surge of power!
The Orb Guardian is enfeebled!
* * * LOW MAGIC WARNING * * *
The helpless Orb Guardian fails to defend itself.
You skewer the Orb Guardian like a kebab!!!!!
You kill the Orb Guardian!
The portal closes; your eldritch tentacle is severed.
You see here 21 gold pieces.
You start resting.
Your magical contamination has completely faded away.
You start resting.
Your extra speed is starting to run out.
You start resting.
You feel yourself slow down.
You start resting.
You hear an explosion! x3
Magic restored.
You see here 21 gold pieces.
A golden dragon is nearby!
Casting: Enfeeble (mildly dangerous; 1% risk of failure)
Confirm with . or Enter, or press ? or * to list all spells.
Aiming: Enfeeble (mildly dangerous; 1% risk of failure)
Press: ? - help, Shift-Dir - straight line, f - golden dragon
Aim: a golden dragon (wandering, hasn't noticed you, will inflict weakness, chance to daze and blind: 12%)
You feel a surge of power!
The golden dragon roars deafeningly!
The golden dragon partially resists.
The golden dragon is enfeebled!
Casting: Enfeeble (mildly dangerous; 1% risk of failure)
Confirm with . or Enter, or press ? or * to list all spells.
You feel a surge of power!
An eight-headed hydra appears.
An orb of fire comes into view.
Your orb of fire grins greedily, jangling a coin purse.
You hit the golden dragon.
The golden dragon is lightly wounded.
You block the golden dragon's attack. The golden dragon misses you.
The golden dragon completely misses you.
You closely miss the golden dragon.
The golden dragon is lightly wounded.
You hit the golden dragon.
You headbutt the golden dragon, but do no damage.
The golden dragon is lightly wounded.
The golden dragon completely misses you.
You block the golden dragon's attack. The golden dragon tramples you.
You are shoved backwards!
Casting: Summon Hydra (dangerous; 2% risk of failure)
Confirm with . or Enter, or press ? or * to list all spells.
You feel a surge of power!
An eight-headed hydra appears.
Your eight-headed hydra bites the golden dragon but does no damage.
Your eight-headed hydra closely misses the golden dragon.
Your eight-headed hydra bites the golden dragon but does no damage. x3
Your eight-headed hydra bites the golden dragon.
Your eight-headed hydra bites the golden dragon!
Your eight-headed hydra bites the golden dragon but does no damage.
The golden dragon barely misses you.
You block the golden dragon's attack. x2
You closely miss the golden dragon.
The golden dragon is moderately wounded.
Your eight-headed hydra bites the golden dragon.
Your eight-headed hydra bites the golden dragon but does no damage. x2
Your eight-headed hydra bites the golden dragon! x2
Your eight-headed hydra completely misses the golden dragon.
Your eight-headed hydra bites the golden dragon but does no damage.
Your eight-headed hydra bites the golden dragon!
You block the golden dragon's attack. The golden dragon misses you.
The golden dragon completely misses you.
You miss the golden dragon.
You headbutt the golden dragon, but do no damage.
The golden dragon is heavily wounded.
Your eight-headed hydra bites the golden dragon but does no damage.
Your eight-headed hydra misses the golden dragon.
Your eight-headed hydra bites the golden dragon!
Your eight-headed hydra barely misses the golden dragon.
Your eight-headed hydra bites the golden dragon but does no damage.
Your eight-headed hydra bites the golden dragon.
Your eight-headed hydra completely misses the golden dragon.
Your eight-headed hydra bites the golden dragon!
You hit the golden dragon. Your headbutt misses the golden dragon.
The golden dragon is almost dead.
Your orb of fire glows deep purple.
The bolt of fire hits the golden dragon!!!
The golden dragon resists.
The golden dragon dies!
You now have 6260 gold pieces (gained 27).
You swap places.
Your eight-headed hydra disappears in a puff of smoke!
You now have 6291 gold pieces (gained 31).
Your eight-headed hydra disappears in a puff of smoke!
You now have 6318 gold pieces (gained 27).
You see here 5 gold pieces.
You see here 5 gold pieces.
You see here 5 gold pieces.
Casting: Summon Hydra (dangerous; 2% risk of failure)
Confirm with . or Enter, or press ? or * to list all spells.
Aiming: Enfeeble (mildly dangerous; 1% risk of failure)
Press: ? - help, Shift-Dir - straight line, f - black draconian
Aim: a black draconian, wielding a +0 war axe (ally target, will inflict weakness, chance to daze and blind: 99%)
You feel a surge of power!
The black draconian is enfeebled!
Your orb of fire glows red.
The black draconian twists and deforms.
The black draconian breathes lightning at you.
The bolt of lightning hits your orb of fire.
Your orb of fire completely resists.
The bolt of lightning hits you! You resist.
Casting: Enfeeble (mildly dangerous; 1% risk of failure)
Confirm with . or Enter, or press ? or * to list all spells.
Aiming: Enfeeble (mildly dangerous; 1% risk of failure)
Press: ? - help, Shift-Dir - straight line, f/p - black draconian
Aim: a black draconian, wielding a +0 war axe (blind, dazed, misshapen and mutated, weak, ally target, will inflict weakness, chance to daze and blind: 100%)
You feel a surge of power!
Really fire in your orb of fire's direction? [Y]es or [N]o only, please.
Really fire in your orb of fire's direction? [Y]es or [N]o only, please.
Really fire in your orb of fire's direction? [Y]es or [N]o only, please.
Really fire in your orb of fire's direction?
Okay, then.
Casting: Enfeeble (mildly dangerous; 1% risk of failure)
Confirm with . or Enter, or press ? or * to list all spells.
Aiming: Enfeeble (mildly dangerous; 1% risk of failure)
Press: ? - help, Shift-Dir - straight line, f - Orb Guardian, p - black draconian
Aim: an Orb Guardian (will inflict weakness, chance to daze and blind: 58%)
You feel a surge of power!
The Orb Guardian is enfeebled!
Your orb of fire glows deep purple.
The bolt of fire hits the black draconian!!!!
Your orb of fire emits a lurid red light.
The bolt of fire hits the black draconian!!!
The black draconian dies!
The Orb Guardian is lost in a daze.
You hit the Orb Guardian but do no damage.
The Orb Guardian is lost in a daze.
The helpless Orb Guardian fails to defend itself.
You stick the Orb Guardian like a pincushion!!!!!!
You kill the Orb Guardian!
You now have 6325 gold pieces (gained 7).
You now have 6330 gold pieces (gained 5).
You now have 6335 gold pieces (gained 5).
You swap places.
You now have 6340 gold pieces (gained 5).
You now have 6354 gold pieces (gained 14).
You now have 6360 gold pieces (gained 6).
You now have 6442 gold pieces (gained 82).
You see here a +0 war axe.
Found a +8 club of flaming and 22 gold pieces.
An electric golem comes into view.
Casting: Enfeeble (mildly dangerous; 1% risk of failure)
Confirm with . or Enter, or press ? or * to list all spells.
Aiming: Enfeeble (mildly dangerous; 1% risk of failure)
Press: ? - help, Shift-Dir - straight line, f - electric golem
Aim: an electric golem (ally target, will inflict weakness and antimagic)
You feel a surge of power!
The electric golem partially resists.
The electric golem is enfeebled!
The electric golem falters for a moment.
Your orb of fire emits a lurid red light.
The bolt of fire hits the electric golem!!
The electric golem resists.
You block the electric golem's attack. The electric golem misses you.
The electric golem hits you but does no damage.
You block the electric golem's attack.
You puncture the electric golem!
The electric golem is moderately damaged.
You barely miss the electric golem.
Your headbutt misses the electric golem.
The electric golem is moderately damaged.
The electric golem completely misses you.
You block the electric golem's attack.
The electric golem completely misses you.
The electric golem misses you.
You hit the electric golem.
Your headbutt misses the electric golem.
The electric golem is moderately damaged.
The electric golem falters for a moment.
You hit the electric golem.
The electric golem is moderately damaged.
The electric golem hurls lightning at you.
The bolt of lightning misses you.
You hit the electric golem.
The electric golem is moderately damaged.
The electric golem misses you.
The electric golem hits you but does no damage.
The electric golem completely misses you. x2
Your orb of fire glows yellow.
The bolt of fire hits the electric golem!!
The electric golem resists.
You miss the electric golem.
The electric golem is heavily damaged.
The electric golem is distracted by your dazzling golden aura.
Your orb of fire glows yellow.
The bolt of fire hits the electric golem!!!
The electric golem resists.
The electric golem is no longer distracted by gold.
The helpless electric golem fails to defend itself.
You spit the electric golem like a pig!!!!!!
You destroy the electric golem!
You now have 6464 gold pieces (gained 22).
You now have 6476 gold pieces (gained 12).
You see here a +8 club of flaming.
An Orb Guardian comes into view.
Found a +9 antimagic club.
An Orb Guardian comes into view.
An Orb Guardian comes into view.
Casting: Enfeeble (mildly dangerous; 1% risk of failure)
Confirm with . or Enter, or press ? or * to list all spells.
Aiming: Enfeeble (mildly dangerous; 1% risk of failure)
Press: ? - help, Shift-Dir - straight line, f - Orb Guardian
Aim: an Orb Guardian (ally target, will inflict weakness, chance to daze and blind: 58%)
You feel a surge of power!
The Orb Guardian is enfeebled!
The Orb Guardian completely misses you.
The helpless Orb Guardian fails to defend itself.
You spit the Orb Guardian like a pig!!!!!!
You kill the Orb Guardian!
Casting: Enfeeble (mildly dangerous; 1% risk of failure)
Confirm with . or Enter, or press ? or * to list all spells.
Aiming: Enfeeble (mildly dangerous; 1% risk of failure)
Press: ? - help, Shift-Dir - straight line, f - Orb Guardian
Aim: an Orb Guardian (ally target, will inflict weakness, chance to daze and blind: 58%)
You feel a surge of power!
You miscast Enfeeble.
You are very lightly contaminated with residual magic.
Multicoloured lights dance before your eyes.
You feel yourself slow down.
* * * LOW MAGIC WARNING * * *
The Orb Guardian hits you!!
The Orb Guardian is distracted by your dazzling golden aura.
A moth of wrath comes into view.
The Orb Guardian is distracted by your dazzling golden aura.
The helpless Orb Guardian fails to defend itself.
You stick the Orb Guardian like a pincushion!!!!!!
You kill the Orb Guardian!
Magic courses through your body.
Your orb of fire emits a lurid red light.
The Orb Guardian is no longer distracted by gold.
The Orb Guardian twists and deforms.
The moth of wrath enters a dispersal trap!
The Orb Guardian blinks!
Your orb of fire blinks! x2
Your orb of fire glows bright magenta.
The fireball explodes!
The fireball engulfs the Orb Guardian!!!
The Orb Guardian stares, then turns away, jangling a coin purse.
Your Orb Guardian grins greedily, jangling a coin purse.
Your bribe of the Realm of Zot has been exhausted.
The Orb Guardian is no longer bribed. 3 Orb Guardians come into view.
The Orb Guardian enters a dispersal trap!
The Orb Guardian blinks!
Your Orb Guardian blinks!
The Orb Guardian blinks!
Your orb of fire blinks!
You blink.
The Orb Guardian blinks!
The Orb Guardian moves out of view.
Casting: Enfeeble (mildly dangerous; 1% risk of failure)
Confirm with . or Enter, or press ? or * to list all spells.
You don't know that spell.
The Orb Guardian hits your Orb Guardian.
Your orb of fire glows deep purple.
The bolt of fire hits the Orb Guardian!!!
The Orb Guardian dies!
Your Orb Guardian hits the Orb Guardian!
The Orb Guardian hits your Orb Guardian!!
Your orb of fire glows red.
The fireball explodes!
The fireball engulfs your Orb Guardian!!!
The fireball engulfs you! You resist.
The fireball engulfs the Orb Guardian!!
Your Orb Guardian hits the Orb Guardian.
The Orb Guardian refuses to make way for you. (Use ctrl+direction or * direction to attack.) Unknown command.
An Orb Guardian comes into view.
Your Orb Guardian completely misses the Orb Guardian.
Your Orb Guardian hits the Orb Guardian!!
The Orb Guardian moves out of view.
The Orb Guardian enters a dispersal trap!
The Orb Guardian blinks!
Your Orb Guardian blinks!
The Orb Guardian blinks!
Your orb of fire blinks!
You blink.
The Orb Guardian blinks!
Casting: Enfeeble (mildly dangerous; 1% risk of failure)
Confirm with . or Enter, or press ? or * to list all spells.
Aiming: Enfeeble (mildly dangerous; 1% risk of failure)
Press: ? - help, Shift-Dir - straight line, f - Orb Guardian
Aim: an Orb Guardian (will inflict weakness, chance to daze and blind: 58%)
You feel a surge of power!
The Orb Guardian is enfeebled!
The Orb Guardian enters a dispersal trap!
The moth of wrath blinks!
The Orb Guardian blinks! x2
The moth of wrath blinks!
You blink.
Your orb of fire glows red.
The Orb Guardian is distracted by your dazzling golden aura.
An Orb Guardian comes into view.
You feel yourself speed up.
The Orb Guardian is distracted by your dazzling golden aura. x2
Your Orb Guardian misses the Orb Guardian.
Casting: Enfeeble (mildly dangerous; 1% risk of failure)
Confirm with . or Enter, or press ? or * to list all spells.
Aiming: Enfeeble (mildly dangerous; 1% risk of failure)
Press: ? - help, Shift-Dir - straight line, f - moth of wrath, p - Orb Guardian
Aim: a moth of wrath (will inflict weakness, chance to daze and blind: 99%)
You feel a surge of power!
The moth of wrath is enfeebled!
You feel yourself speed up.
The moth of wrath is distracted by your dazzling golden aura.
Your Orb Guardian hits the Orb Guardian!
Your orb of fire emits a lurid red light.
The fireball explodes!
The fireball engulfs the Orb Guardian!!!
The Orb Guardian is no longer distracted by gold.
The fireball engulfs your Orb Guardian!!
The Orb Guardian is distracted by your dazzling golden aura.
The moth of wrath's fur bristles in rage as it notices you.
You strike the helpless moth of wrath from behind!
You spit the moth of wrath like a pig!!!!
You kill the moth of wrath!
Your Orb Guardian hits the Orb Guardian!
The Orb Guardian dies!
Your magical contamination has completely faded away.
The Orb Guardian is no longer distracted by gold. x2
Your orb of fire emits a lurid red light.
The bolt of fire hits the Orb Guardian!!!!
The Orb Guardian dies!
The Orb Guardian disappears!
You now have 6501 gold pieces (gained 25).
An Orb Guardian comes into view.
Found the Orb of Zot and 2 stones.
Casting: Enfeeble (mildly dangerous; 1% risk of failure)
Confirm with . or Enter, or press ? or * to list all spells.
Aiming: Enfeeble (mildly dangerous; 1% risk of failure)
Press: ? - help, Shift-Dir - straight line, f - Orb Guardian
Aim: an Orb Guardian (ally target, will inflict weakness, chance to daze and blind: 58%)
You feel a surge of power!
The Orb Guardian partially resists.
The Orb Guardian is enfeebled!
* * * LOW MAGIC WARNING * * *
You block the Orb Guardian's attack.
You hit the Orb Guardian but do no damage.
You headbutt the Orb Guardian, but do no damage.
The Orb Guardian hits you!
Your orb of fire glows red.
The fireball explodes!
The fireball engulfs the Orb Guardian!!!
You hear a deafening roar!
The Orb Guardian disappears!
You see here 32 gold pieces.
You miss the Orb Guardian.
You headbutt the Orb Guardian, but do no damage.
Your orb of fire emits a lurid red light.
The bolt of fire hits the Orb Guardian!!
Casting: Enfeeble (mildly dangerous; 1% risk of failure)
Confirm with . or Enter, or press ? or * to list all spells.
Aiming: Enfeeble (mildly dangerous; 1% risk of failure)
Press: ? - help, Shift-Dir - straight line, f - Orb Guardian
Aim: an Orb Guardian (moderately wounded, ally target, will inflict weakness, chance to daze and blind: 58%)
You feel a surge of power!
The Orb Guardian is enfeebled!
* * * LOW MAGIC WARNING * * *
The Orb Guardian misses you.
Your orb of fire glows bright magenta.
The bolt of fire hits your Orb Guardian!!!
Your Orb Guardian dies!
The bolt of fire hits the Orb Guardian!!!
The Orb Guardian dies!
You now have 6523 gold pieces (gained 22).
You see here a +9 antimagic club.
A golden dragon comes into view.
You see here the Orb of Zot.
Magic courses through your body.
An Orb Guardian comes into view.
You pick up the Orb of Zot!
The Orb lets out a hideous shriek!
The lords of Pandemonium are not amused.
Beware!
Now all you have to do is get back out of the dungeon!
You hear a shout! x4
The golden dragon disappears!
You swap places.
You see here a +9 antimagic club.
You now have 6555 gold pieces (gained 32).
You hear an explosion!
You feel a bit more experienced.
Training target 14.0 for Short Blades reached!
Your Fighting skill increases to level 19!
Your Short Blades skill increases to level 14!
You hear an explosion!
You see here a +12 club of electrocution.
You now have 6576 gold pieces (gained 21).
Your extra speed is starting to run out.
A hellion comes into view.
Do you want to bribe the denizens of the Realm of Zot?
Okay, then.
Unknown command.
Unknown command.
Unknown command.
Unknown command.
Casting: Enfeeble (mildly dangerous; 1% risk of failure)
Confirm with . or Enter, or press ? or * to list all spells.
Aiming: Enfeeble (mildly dangerous; 1% risk of failure)
Press: ? - help, Shift-Dir - straight line, f - hellion
Aim: a hellion (will inflict weakness and antimagic, chance to daze and blind: 95%)
You feel a surge of power!
The hellion is enfeebled!
The helpless hellion fails to defend itself.
You stick the hellion like a pincushion!!!!!!
You kill the hellion!
Casting: Enfeeble (mildly dangerous; 1% risk of failure)
Confirm with . or Enter, or press ? or * to list all spells.
Aiming: Enfeeble (mildly dangerous; 1% risk of failure)
Press: ? - help, Shift-Dir - straight line, f - golden dragon
Aim: a golden dragon (will inflict weakness, chance to daze and blind: 12%)
You feel a surge of power!
The golden dragon partially resists.
The golden dragon is enfeebled!
Casting: Enfeeble (mildly dangerous; 1% risk of failure)
Confirm with . or Enter, or press ? or * to list all spells.
You feel a surge of power!
An eight-headed hydra appears.
* * * LOW MAGIC WARNING * * *
You feel yourself slow down.
The golden dragon completely misses you.
The golden dragon claws you.
The golden dragon completely misses you.
The golden dragon breathes cold at you. The bolt of cold hits you. You resist.
You closely miss the golden dragon. Your headbutt misses the golden dragon.
You hit the golden dragon but do no damage.
You headbutt the golden dragon!
The golden dragon is lightly wounded.
You block the golden dragon's attack. x2; The golden dragon tramples you.
You hold your ground!
You puncture the golden dragon! You headbutt the golden dragon.
The golden dragon is moderately wounded.
You hit the golden dragon but do no damage.
The golden dragon is moderately wounded.
The golden dragon breathes cold at you. The bolt of cold misses you.
Your eight-headed hydra bites the golden dragon. x2
Your eight-headed hydra bites the golden dragon!
Your eight-headed hydra barely misses the golden dragon.
Your eight-headed hydra bites the golden dragon.
Your eight-headed hydra closely misses the golden dragon.
Your eight-headed hydra barely misses the golden dragon.
Your eight-headed hydra bites the golden dragon.
You hit the golden dragon but do no damage.
You headbutt the golden dragon!
The golden dragon is heavily wounded.
The golden dragon completely misses you.
The golden dragon claws you. The golden dragon misses you.
You hit the golden dragon but do no damage.
The golden dragon is heavily wounded.
Your eight-headed hydra bites the golden dragon but does no damage.
Your eight-headed hydra bites the golden dragon!
Your eight-headed hydra bites the golden dragon but does no damage.
Your eight-headed hydra bites the golden dragon!
Your eight-headed hydra bites the golden dragon.
Your eight-headed hydra bites the golden dragon!
Your eight-headed hydra bites the golden dragon but does no damage.
Your eight-headed hydra bites the golden dragon!
You miss the golden dragon.
The golden dragon is almost dead.
The golden dragon bites you!! The golden dragon claws you.
The golden dragon tramples you!
You hold your ground!
Your eight-headed hydra bites the golden dragon!
The golden dragon dies!
A Hell Sentinel comes into view.
You see here 29 gold pieces.
Okay, then.
You swap places.
You see here 29 gold pieces.
Your eight-headed hydra bites the Orb Guardian.
Your eight-headed hydra barely misses the Orb Guardian.
Your eight-headed hydra bites the Orb Guardian! x2
Your eight-headed hydra bites the Orb Guardian but does no damage.
Your eight-headed hydra bites the Orb Guardian.
Your eight-headed hydra bites the Orb Guardian but does no damage.
Your eight-headed hydra misses the Orb Guardian.
The Orb Guardian hits your eight-headed hydra!!
A green death comes into view.
Your eight-headed hydra disappears in a puff of smoke!
You feel much better.
You feel much better. The green death gestures at you.
The poison arrow is repelled.
You feel yourself speed up. Magic courses through your body.
The green death gestures at you. The blast of poison misses you.
As you read the scroll of teleportation, it crumbles to dust.
You feel strangely unstable.
You feel the Orb delaying your translocation!
Casting: Summon Hydra (dangerous; 2% risk of failure)
Confirm with . or Enter, or press ? or * to list all spells.
Aiming: Enfeeble (mildly dangerous; 1% risk of failure)
Press: ? - help, Shift-Dir - straight line, f - green death
Aim: a green death (will inflict weakness and antimagic, chance to daze and blind: 24%)
You feel a surge of power!
The green death partially resists.
The green death is enfeebled!
The green death falters for a moment.
The green death gestures at you.
You start resting.
A green death is nearby!
Your surroundings suddenly seem different. 2 Killer Klowns come into view.
A Killer Klown is wielding a +12 club of holy wrath.
A Killer Klown is wielding a +9 club of flaming.
Found a leather armour.
An Orb Guardian comes into view.
There are monsters nearby!
As you read the scroll of teleportation, it crumbles to dust.
You feel strangely unstable.
You feel the Orb delaying your translocation!
The Killer Klown blinks!
Casting: Enfeeble (mildly dangerous; 1% risk of failure)
Confirm with . or Enter, or press ? or * to list all spells.
Aiming: Enfeeble (mildly dangerous; 1% risk of failure)
Press: ? - help, Shift-Dir - straight line, f - Killer Klown
Aim: a Killer Klown, wielding a +9 club of flaming (severely wounded, will inflict weakness and antimagic, chance to daze and blind: 24%)
You feel a surge of power!
The Killer Klown partially resists.
The Killer Klown is enfeebled!
Do you want to bribe the denizens of the Realm of Zot?
Gozag spreads your bribe to the Realm of Zot!
Casting: Enfeeble (mildly dangerous; 1% risk of failure)
Confirm with . or Enter, or press ? or * to list all spells.
You feel a surge of power!
A 12-headed hydra appears.
Your 12-headed hydra barely misses the Killer Klown.
Your 12-headed hydra bites the Killer Klown!
Your 12-headed hydra bites the Killer Klown.
Your 12-headed hydra bites the Killer Klown!
Your 12-headed hydra bites the Killer Klown but does no damage.
Your 12-headed hydra barely misses the Killer Klown.
Your 12-headed hydra bites the Killer Klown but does no damage.
Your 12-headed hydra bites the Killer Klown!
Your 12-headed hydra misses the Killer Klown.
Your 12-headed hydra bites the Killer Klown but does no damage. x2
Your 12-headed hydra bites the Killer Klown!
The Killer Klown dies!
Really fly into that permanent teleport trap?
You enter a permanent teleport trap!
Your surroundings suddenly seem different.
The obsidian statue stares, then turns away, jangling a coin purse.
The Orb Guardian stares, then turns away, jangling a coin purse.
Your ancient lich grins greedily, jangling a coin purse.
An obsidian statue, 2 Orb Guardians and an ancient lich come into view.
Found 3 stones.
Unknown command.
Found a book of the Spheres.
Your ancient lich touches the Orb Guardian.
Your ancient lich drains the Orb Guardian.
Your ancient lich touches the Orb Guardian!
Something hits your ancient lich!
The Orb Guardian enters a dispersal trap!
Your ancient lich blinks!
You blink.
The Orb Guardian blinks!
The Orb Guardian pulls the alarm!
The alarm trap emits a blaring wail!
A sentinel's mark forms upon you.
The Orb Guardian is distracted by your dazzling golden aura.
Okay, then.
You see here a book of the Spheres.
Your surroundings suddenly seem different.
The demonspawn corrupter stares, then turns away, jangling a coin purse.
A demonspawn corrupter comes into view. It is wielding a +0 dire flail.
A shadow demon comes into view.
The shadow demon gestures.
Your extra speed is starting to run out.
Casting: Summon Hydra (dangerous; 2% risk of failure)
Confirm with . or Enter, or press ? or * to list all spells.
Aiming: Enfeeble (mildly dangerous; 1% risk of failure)
Press: ? - help, Shift-Dir - straight line, f - shadow demon
Aim: a shadow demon (will inflict weakness and antimagic, chance to daze and blind: 74%)
You feel a surge of power!
The shadow demon partially resists.
The shadow demon is enfeebled!
The storm dragon breathes lightning at you.
The bolt of lightning misses you. You block the shadow demon's attack.
The Orb Guardian stares, then turns away, jangling a coin purse.
An Orb Guardian comes into view.
The storm dragon is distracted by your dazzling golden aura.
The moth of wrath is distracted by your dazzling golden aura.
You feel yourself slow down.
There is a stone staircase leading up here.
You fly upwards.
There is a stone staircase leading down here.
There is a stone staircase leading up here.
You fly upwards.
There is a stone staircase leading down here.
The sentinel's mark upon you fades away.
There is a stone staircase leading up here.
Your Hell Sentinel grins greedily, jangling a coin purse.
You fly upwards.
There is a stone staircase leading down here.
You see here a +0 broad axe.
HP restored.
You see here a phantom mirror.
A green death comes into view.
There is a stone staircase leading up here.
You fly upwards.
There is a stone staircase leading down here.
An Orb Guardian comes into view.
You can't go up here!
Casting: Enfeeble (mildly dangerous; 1% risk of failure)
Confirm with . or Enter, or press ? or * to list all spells.
Aiming: Enfeeble (mildly dangerous; 1% risk of failure)
Press: ? - help, Shift-Dir - straight line, f - Orb Guardian
Aim: an Orb Guardian (will inflict weakness, chance to daze and blind: 58%)
You feel a surge of power!
The Orb Guardian is enfeebled!
You hit the Orb Guardian.
The Orb Guardian is lightly wounded.
The Orb Guardian completely misses you.
The helpless Orb Guardian fails to defend itself.
You perforate the Orb Guardian like a sieve!!!!!
You kill the Orb Guardian!
You now have 3598 gold pieces (gained 22).
There is a gate leading back out of this place, spattered with blood here.
You fly up through the gate.
Welcome back to the Depths!
There is a gate to the Realm of Zot, spattered with blood here.
You see here a +0 war axe.
Things that are here:
a +0 leather armour; a +0 shortbow
Things that are here:
a +0 robe; a +3 battleaxe
There is a stone staircase leading up here.
You fly upwards.
A rakshasa and a fire dragon come into view.
There is a stone staircase leading down here.
Unknown command.
The fire dragon roars deafeningly!
You see here 2 stones.
You see here 6 stones.
You see here 5 large rocks.
There is a stone staircase leading up here.
You fly upwards.
There is a stone staircase leading down here.
There is an open door here.
There is a stone staircase leading up here.
You fly upwards.
There is a stone staircase leading down here.
There is a staircase back to the Dungeon here.
You fly upwards.
Welcome back to the Dungeon!
Level annotation: Roxanne
There is a staircase to the Depths, spattered with blood here.
There is an entrance to Otoz's Jewellery Emporium here.
There is an escape hatch in the ceiling here.
A mysterious force pulls you upwards. The hatch slams shut behind you.
You see here a +0 pair of gloves.
You see here a +0 mace.
There is a stone staircase leading up here.
You fly upwards.
Level annotation: 1 runed translucent door, Powertoast's ghost, adept DjCj
There is a stone staircase leading down here.
There is a stone staircase leading up here.
You fly upwards.
There is a stone staircase leading down here.
There is an open door here.
A green death comes into view.
You can't go up here!
There is an open door here.
You see here a +0 leather armour.
There is a stone staircase leading up here.
You fly upwards.
There is a stone staircase leading down here.
You see here a +0 dagger.
There is a stone staircase leading up here.
You fly upwards.
Level annotation: 2 runed translucent doors, 2 exclusions
There is a stone staircase leading down here.
You can't go up here!
There is a stone staircase leading up here.
You fly upwards.
Level annotation: exclusions: door and downstairs
There is a stone staircase leading down here.
There is a stone staircase leading up here.
You fly upwards.
There is a stone staircase leading down here.
A daeva comes into view.
It is wielding a +4 long sword of holy wrath.
The daeva shouts!
You can't go up here!
The daeva calls down the wrath of the Shining One upon you.
The Shining One smites you!
The daeva calls down the wrath of the Shining One upon you.
The Shining One smites you!
There is a stone staircase leading up, spattered with blood here.
The daeva calls down the wrath of the Shining One upon you.
The Shining One smites you!
You fly upwards.
There is a stone staircase leading down here.
You see here a +0 robe.
There is a stone staircase leading up here.
Things that are here:
a +0 scale mail; a +0 flail You fly upwards.
There is a stone staircase leading down here.
You feel yourself speed up.
You see here a +0 giant spiked club.
There is a stone staircase leading up here.
You fly upwards.
Level annotation: 1 runed translucent door, Braxton's ghost, amateur NaVM
There is a stone staircase leading down here.
There is an escape hatch in the ceiling here.
A mysterious force pulls you upwards.
The hatch slams shut behind you. 2 hellwings come into view.
You can't go up here!
There is a stone staircase leading up here.
You fly upwards.
There is a stone staircase leading down here.
Your extra speed is starting to run out.
There is a stone staircase leading up here.
You fly upwards.
There is a stone staircase leading down here.
You feel yourself slow down.
A tormentor comes into view.
You see here a +0 dagger.
You can't go up here!
Aiming: Dig
Press: ? - help, Shift-Dir - straight line A rock wall.
This square is covered in magical glow.
The rock shatters into small pieces.
The tormentor calls on the powers of darkness!
Your body is wracked with pain!
There is a stone staircase leading up here.
The tormentor calls on the powers of darkness!
Your body is wracked with pain!
* * * LOW HITPOINT WARNING * * *
You fly upwards.
There is a stone staircase leading down here.
You feel much better.
You feel much better.
You feel much better.
You feel yourself speed up.
You feel much better.
Aiming: Dig
Press: ? - help, Shift-Dir - straight line A rock wall.
This square is covered in magical glow.
The rock shatters into small pieces.
A sun demon comes into view.
Aiming: Dig
Press: ? - help, Shift-Dir - straight line A rock wall.
This square is covered in magical glow.
The rock shatters into small pieces.
There is a large open door here.
There is a staircase leading out of the dungeon here.
You have escaped!

# #.# ### ####.####.### #.......
# ##.###.## #.# #...# #######.
###...#.#.###########..# #.
##.....#####~~~~~~~~.8.#########.
.........##~~.....~~~.###.3.3....
####.#.#.##~..~~~..~~.##.########
# #.##...#..~~~~~..~.#3#### #
#.###.##.~~...~~.~.'....# # #.#
#..'.~..~@~..~.'.##.# #.#
##.'.~.~~...~~.####.###### #.#
###.~..~~~~~..# #....... #.#
#.~~..~~~..~# #..#####
##.######.~~~.....~~# #..# #.
#........8.~~~~~~~~## #..####.
#..####...########## #..##...
#..........##.# ######..##.#.
###...###..#.##.# #............


You could see a sun demon.

Vanquished Creatures
  Tiamat (Zot:4)
  2 orbs of fire
  A Killer Klown (Zot:5)
  A curse toe (Zot:5)
  4 golden dragons
  A profane servitor (Crypt:3)
  2 electric golems
  A shard shrike zombie (Crypt:3)
  3 liches
  10 Orb Guardians
  A deep elf blademaster (Elf:3)
  9 tentacled monstrosities
  Zenata (Crypt:1)
  A titan (Vaults:5)
  An ancient champion (Crypt:2)
  4 death cobs
  5 quicksilver dragons
  10 shadow dragons
  Polyphemus (Shoals:4)
  4 sphinxes
  13 storm dragons
  3 tengu reavers
  4 draconian monks
  4 draconian knights
  3 fire giants
  Ilsuiw (Shoals:2)
  3 vault wardens
  3 frost giants
  An iron dragon (Depths:4)
  A deep elf elementalist (Elf:3)
  An orc warlord (Orc:2)
  2 emperor scorpions (Spider:4)
  Aizul (Shoals:4)
  2 draconian stormcallers
  9 ghost moths
  8 ghouls
  Louise (Elf:1)
  3 draconian scorchers
  A draconian shifter (Zot:1)
  3 curse skulls
  4 ironbound preservers
  6 draconian annihilators
  5 broodmothers
  4 stone giants
  5 ironbound thunderhulks
  10 very ugly things
  6 dire elephants
  An entropy weaver (Vaults:1)
  5 red draconians
  Azrael (Spider:1)
  A vampire knight (Crypt:2)
  4 green draconians
  A rockslime zombie (Crypt:1)
  A deep elf demonologist (Elf:3)
  4 purple draconians
  2 spark wasps (Depths:4)
  3 deep elf annihilators
  9 black draconians
  6 yellow draconians
  7 white draconians
  9 eidola
  4 merfolk javelineers
  2 fire dragons
  8 merfolk impalers
  3 deep elf death magi
  2 jiangshi
  2 ettins (Depths:4)
  A great orb of eyes (Vaults:3)
  A deep elf high priest (Elf:3)
  2 hydras
  8 yaktaur captains
  A quicksilver dragon skeleton (Crypt:2)
  6 ice dragons
  A hell beast (Depths:3)
  An ogre mage (Vaults:5)
  16 vault guards
  10 boulder beetles
  2 peacekeepers
  2 ironbound frosthearts
  2 alligator snapping turtles (Shoals:4)
  A radroach (shapeshifter) (D:15)
  A spriggan skeleton (Crypt:2)
  2 death knights
  3 death yaks
  12 centaur warriors
  3 merfolk aquamancers (Shoals:4)
  5 two-headed ogres
  A spriggan air mage (Depths:1)
  4 tengu warriors (Depths:4)
  A deep troll shaman (Lair:5)
  A deep troll earth mage (Vaults:5)
  11 dancing weapons
  2 vampire magi
  A spriggan berserker (Depths:3)
  A spriggan (Depths:4)
  10 deep elf knights
  An orc high priest (Orc:2)
  A soul eater (Depths:2)
  3 iron trolls
  A sun demon (Depths:2)
  A shadow wraith (Crypt:2)
  18 skeletal warriors
  A bunyip zombie (Crypt:3)
  8 sea snakes
  4 steelbarb worms
  3 glowing orange brains
  6 deep elf archers
  6 orb spiders
  3 wizards
  5 flayed ghosts
  An iron giant skeleton (Crypt:1)
  A steelbarb worm (shapeshifter) (Vaults:5)
  12 ironbound convokers
  10 phantasmal warriors
  26 deep elf pyromancers
  11 deep trolls
  2 lindwurms (Vaults:3)
  11 harpies
  17 deep elf zephyrmancers
  A wolf spider (shapeshifter) (Vaults:5)
  2 orc knights (Orc:2)
  5 fauns
  2 necromancers
  9 wolf spiders
  18 ugly things
  3 cyclopes
  4 orc sorcerers
  An iron dragon skeleton (Crypt:2)
  A salamander (Depths:2)
  9 manticores
  An elephant (shapeshifter) (Vaults:3)
  A fire giant skeleton (D:15)
  20 nameless horrors
  18 moths of wrath
  4 merfolk sirens
  Joseph (Lair:1)
  Maurice (D:10)
  12 vault sentinels
  7 black mambas
  14 elephants
  6 apocalypse crabs (Depths:2)
  4 water nymphs
  A gargoyle (D:13)
  A naga zombie (Crypt:3)
  6 torpor snails
  A torpor snail (shapeshifter) (Vaults:5)
  9 cane toads
  4 komodo dragons
  An efreet (Depths:2)
  5 freezing wraiths
  5 unseen horrors
  2 demonic crawlers
  A hellion (Zot:5)
  2 spriggan zombies
  4 rime drakes
  17 yaktaurs
  A yaktaur (shapeshifter) (D:14)
  A guardian mummy (Crypt:3)
  2 tengu conjurers (D:13)
  24 merfolk
  4 trolls
  A red devil (Depths:3)
  7 polar bears
  A hydra zombie (Crypt:1)
  A harpy zombie (Crypt:3)
  2 meliai (Spider:3)
  7 wind drakes
  11 tarantellas
  A hornet (Depths:4)
  8 snapping turtles
  3 dream sheep
  2 ettin zombies
  A blink frog (shapeshifter) (Vaults:3)
  8 blink frogs
  5 slime creatures
  A jumping spider (shapeshifter) (Vaults:5)
  An ice dragon zombie (Crypt:2)
  2 flying skulls (Crypt:1)
  16 jumping spiders
  10 air elementals
  5 culicivoras
  10 wraiths
  3 shadows
  2 wyverns
  17 water elementals
  A basilisk (D:14)
  24 yaks
  A fire elemental (Spider:1)
  A human (Shoals:4)
  2 fire bats (Depths:2)
  A golden eye (shapeshifter) (D:9)
  A steam dragon (D:9)
  19 redbacks
  5 vampire mosquitoes
  A chaos spawn (Depths:3)
  Grum (D:8)
  A tengu zombie (D:15)
  10 water moccasins
  A floating eye (shapeshifter) (D:15)
  A hell hound (Spider:1)
  3 ice beasts (D:5)
  6 black bears
  27 orc warriors
  A sky beast (D:9)
  3 ogres
  A boggart (Elf:3)
  2 small abominations (Crypt:2)
  7 wolves
  8 centaurs
  A phantom (D:7)
  7 kobold brigands
  8 necrophages
  16 bullfrogs
  3 scorpions
  6 earth elementals
  3 wyvern skeletons (Crypt:3)
  13 wights
  10 killer bees
  6 electric eels
  4 howler monkeys
  3 lava snakes
  A hound (D:6)
  4 jellies
  2 gnoll boudas
  26 orc priests
  Natasha (D:3)
  Ijyb (D:3)
  3 iguanas
  37 orc wizards
  2 hell rats (Lair:5)
  5 gnolls (D:5)
  4 adders
  A shadow imp (D:6)
  A white imp (D:7)
  An ufetubus (D:6)
  An iguana zombie (Crypt:2)
  3 worms
  A dart slug (D:1)
  88 orcs
  5 endoplasms
  7 giant cockroaches
  4 goblins
  5 hobgoblins
  6 quokkas
  11 ball pythons
  6 bats
  4 frilled lizards
  38 kobolds
  5 rats
1350 creatures vanquished.

Vanquished Creatures (collateral kills)
  A dread lich (Zot:5)
  2 juggernauts
  A royal mummy (Crypt:3)
  2 curse toes
  A Killer Klown (Zot:5)
  Margery (Vaults:2)
  Nikola (Elf:1)
  Jory (Vaults:2)
  2 golden dragons (Zot:5)
  2 bone dragons
  7 Orb Guardians (Zot:5)
  7 tentacled monstrosities
  2 liches
  6 titans
  4 quicksilver dragons
  2 deep elf master archers (Elf:3)
  2 deep elf blademasters
  An ancient champion (Crypt:2)
  Kirke (Shoals:4)
  A tengu reaver (Vaults:5)
  3 shadow dragons
  2 storm dragons
  Donald (Vaults:2)
  A draconian monk (Depths:4)
  A revenant (Crypt:1)
  A frost giant (Vaults:5)
  An orc warlord (Vaults:4)
  An emperor scorpion (Spider:3)
  10 vault wardens
  2 caustic shrike zombies (Crypt:3)
  8 deep elf sorcerers
  2 ghost moths (Spider:4)
  2 draconian shifters (Depths:4)
  A curse skull (Crypt:3)
  5 deep elf elementalists (Elf:3)
  3 war gargoyles
  A draconian stormcaller (Zot:1)
  32 very ugly things
  A broodmother (Spider:4)
  6 ghouls
  11 ironbound preservers
  2 ironbound thunderhulks (Vaults:3)
  2 draconian annihilators
  A green draconian (Zot:1)
  5 black draconians
  2 deep elf demonologists (Elf:3)
  8 stone giants
  2 red draconians (Depths:4)
  2 entropy weavers
  5 purple draconians
  A yellow draconian (Zot:1)
  2 deep elf annihilators
  A dire elephant (Vaults:3)
  3 white draconians
  3 spark wasps
  A merfolk impaler (Shoals:4)
  6 deep elf death magi
  3 eidola
  2 jiangshi (Crypt:2)
  6 ettins
  3 merfolk javelineers (Shoals:4)
  7 yaktaur captains
  A fenstrider witch zombie (Crypt:3)
  3 great orbs of eyes
  A fire dragon (Depths:4)
  12 hydras
  2 deep elf high priests
  5 ice dragons
  2 spriggan zombies (Crypt:3)
  A quicksilver dragon skeleton (Crypt:1)
  14 vault guards (Vaults:5)
  2 spriggan air magi
  A hell beast (Depths:2)
  5 centaur warriors (Vaults:1)
  An anaconda (shapeshifter) (Vaults:3)
  A catoblepas (Shoals:4)
  A two-headed ogre (Orc:1)
  2 merfolk aquamancers (Shoals:4)
  2 death knights (Crypt:3)
  2 radroaches
  A titan zombie (D:15)
  7 deep troll shamans
  4 death yaks
  3 ironbound frosthearts
  2 deep troll earth magi
  5 vampire magi
  2 tengu warriors
  15 dancing weapons
  2 spriggan berserkers (Depths:4)
  2 hell hogs (Depths:2)
  2 orc high priests
  4 soul eaters
  7 deep elf knights
  A sun moth (Spider:4)
  10 hell knights
  4 sun demons (Depths:2)
  6 pharaoh ants
  2 iron trolls (Depths:4)
  A salamander mystic (Depths:2)
  4 flayed ghosts
  10 skeletal warriors
  2 bunyip zombies (Crypt:3)
  2 steelbarb worms
  2 elf simulacra (Elf:1)
  2 glowing orange brains
  3 sea snakes (Shoals:1)
  6 orb spiders
  30 deep trolls
  4 deep elf archers
  A bog body (Crypt:1)
  4 lindwurms
  9 ironbound convokers
  12 phantasmal warriors
  2 necromancers
  4 orc knights
  8 deep elf pyromancers
  2 wizards (Vaults:2)
  11 harpies
  35 ugly things
  3 wolf spiders
  17 deep elf zephyrmancers
  3 salamanders
  A cyclops (Shoals:4)
  3 fauns (Shoals:3)
  An elephant (shapeshifter) (Depths:4)
  2 manticores (Shoals:4)
  A black mamba (Lair:5)
  10 elephants
  2 moths of wrath
  3 apocalypse crabs (Depths:2)
  3 merfolk sirens
  2 torpor snails
  An eleionoma skeleton (Crypt:2)
  9 vault sentinels
  A naga zombie (Crypt:2)
  A centaur zombie (Crypt:2)
  An orange demon (Depths:3)
  2 cane toads
  A smoke demon (Depths:2)
  A gargoyle (D:14)
  A komodo dragon (Lair:5)
  7 water nymphs
  A hellwing (Depths:3)
  3 tengu conjurers
  2 demonic crawlers (Lair:2)
  9 yaktaurs
  A yaktaur (shapeshifter) (Vaults:1)
  A guardian mummy (Crypt:3)
  A red devil (Depths:3)
  A hydra zombie (Crypt:1)
  A troll (Orc:2)
  7 merfolk
  A harpy zombie (Crypt:2)
  A hornet (Depths:4)
  A polar bear (Lair:5)
  A meliai (Spider:4)
  3 wind drakes
  2 dream sheep (Shoals:4)
  A blink frog (Lair:3)
  14 tarantellas
  A snapping turtle (Shoals:4)
  A guardian serpent zombie (Crypt:1)
  12 slime creatures
  An ettin skeleton (Crypt:1)
  A jumping spider (shapeshifter) (Depths:1)
  7 jumping spiders
  4 water elementals (Shoals:4)
  3 air elementals (Shoals:4)
  6 flying skulls (Crypt:1)
  2 wraiths (Crypt:1)
  A ynoxinul (Depths:3)
  A spriggan (Depths:4)
  6 culicivoras
  2 hogs (Shoals:4)
  A vampire (D:11)
  A basilisk (D:14)
  2 fire bats (Depths:2)
  15 nameless horrors
  2 small abominations (Crypt:2)
  A fire elemental (Spider:1)
  16 redbacks
  2 vampire mosquitoes (D:12)
  2 chaos spawn (Depths:3)
  A neqoxec (Depths:3)
  A warg (Elf:1)
  3 hell hounds (Spider:1)
  An acid dragon (D:12)
  A water moccasin (Lair:2)
  A deep troll skeleton (Crypt:1)
  5 orc warriors
  A floating eye zombie (Crypt:2)
  A centaur (D:14)
  2 phantoms (Crypt:3)
  A bullfrog (shapeshifter) (Depths:4)
  7 necrophages (Crypt:3)
  2 earth elementals
  2 wyvern skeletons (Crypt:3)
  2 orc priests (Orc:2)
  2 orc wizards
  2 hell rats (Lair:5)
  A mummy (Crypt:3)
  14 orcs
767 creatures vanquished.

Vanquished Creatures (others)
  2 dread liches (Zot:5)
  An orb of fire (Zot:5)
  An ancient lich (Zot:5)
  3 Killer Klowns (Zot:5)
  2 Orb Guardians (Zot:5)
  A quicksilver dragon (Zot:5)
  24 eldritch tentacles
  A fire giant (Vaults:5)
  A deep elf elementalist (Elf:3)
  A dire elephant (Lair:5)
  2 merfolk impalers
  A deep elf high priest (Elf:3)
  2 hydras (D:12)
  A catoblepas (Lair:5)
  4 death yaks
  An orc high priest (Orc:2)
  3 skeletal warriors
  A pharaoh ant (Lair:2)
  2 harpies (Shoals:3)
  An orc knight (Orc:1)
  An obsidian statue (Zot:5)
  An orc sorcerer (Orc:2)
  A faun (Shoals:3)
  2 moths of wrath
  A manticore (Shoals:4)
  2 elephants (Lair:2)
  An ugly thing (D:15)
  A komodo dragon (Lair:2)
  A demonic crawler (Lair:2)
  A tarantella (Spider:2)
  A slime creature (D:14)
  A water elemental (Shoals:3)
  A redback (Spider:2)
  2 nameless horrors (Zot:3)
  5 orc warriors
  An ogre (Orc:2)
  4 orcs (Orc:2)
  18 fungi
  92 plants
  38 withered plants
230 creatures vanquished.

Grand Total: 2347 creatures vanquished

Notes
Turn   | Place    | Note
-------+----------+-------------------------------------------
     0 | D:1      | sleeves the Spriggan Brigand began the quest for the Orb.
     0 | D:1      | Reached XP level 1. HP: 10/10 MP: 2/2
    43 | D:1      | Reached skill level 6 in Stealth
   172 | D:1      | Found Ysuska's One-of-a-Kind Rings.
   332 | D:1      | Reached XP level 2. HP: 14/14 MP: 3/3
   690 | D:1      | Found a faded altar of an unknown god.
   801 | D:1      | You fall into a shaft and drop 1 floor!
  1333 | D:2      | Reached skill level 3 in Short Blades
  1725 | D:2      | Reached XP level 3. HP: 14/18 MP: 4/4
  1805 | D:2      | HP: 9/18 [worm (9)]
  2400 | D:3      | Reached skill level 7 in Stealth
  2521 | D:3      | Noticed Natasha
  2527 | D:3      | Found a sacrificial altar of Ru.
  2527 | D:3      | Noticed Ijyb
  2739 | D:3      | HP: 7/18 [Ijyb/+0 dagger (3)]
  2741 | D:3      | Killed Ijyb
  2742 | D:3      | Reached XP level 4. HP: 9/22 MP: 5/5
  3395 | D:3      | Found a sparkling altar of Nemelex Xobeh.
  3401 | D:3      | Reached skill level 4 in Short Blades
  3715 | D:3      | Killed Natasha
  4030 | D:4      | Reached skill level 8 in Stealth
  4030 | D:4      | Reached XP level 5. HP: 21/25 MP: 6/6
  4179 | D:4      | Found a white marble altar of Elyvilon.
  4464 | D:4      | HP: 12/25 [orc wizard/magic dart (7)]
  4729 | D:4      | Found Nohexkox's Book Shop.
  4760 | D:5      | Entered Level 5 of the Dungeon
  4786 | D:4      | Reached skill level 3 in Throwing
  4786 | D:4      | Reached skill level 9 in Stealth
  4786 | D:4      | Reached XP level 6. HP: 30/30 MP: 7/7
  5111 | D:5      | Found a bloodstained altar of Trog.
  5470 | D:5      | Reached skill level 2 in Fighting
  5596 | D:5      | Noticed an ice beast
  5616 | D:5      | Killed an ice beast
  5617 | D:5      | Reached skill level 4 in Throwing
  5617 | D:5      | Reached XP level 7. HP: 23/35 MP: 8/8
  5731 | D:5      | Found a runed translucent door.
  5734 | D:5      | Noticed Braxton's ghost (amateur NaVM)
  5872 | D:5      | Reached skill level 10 in Stealth
  6526 | D:6      | Reached skill level 3 in Fighting
  7053 | D:6      | HP: 17/36 [poisoned by a kobold brigand (curare-tipped
                  | dart)]
  8144 | D:6      | Reached skill level 5 in Throwing
  8275 | D:6      | Found a burning altar of Makhleb.
  8290 | D:6      | HP: 17/36 [bullfrog (4)]
  8633 | D:6      | Reached XP level 8. HP: 39/40 MP: 9/9
  8756 | D:6      | HP: 20/40 [poisoned by a kobold brigand (curare-tipped
                  | dart)]
  8761 | D:6      | HP: 10/40 [poisoned by a kobold brigand (curare-tipped
                  | dart)]
  8766 | D:6      | HP: 6/40 [poisoned by a kobold brigand (curare-tipped
                  | dart)]
  9056 | D:6      | HP: 17/40 [poisoned by a kobold brigand (curare-tipped
                  | dart)]
  9076 | D:6      | HP: 16/40 [asphyx]
  9081 | D:5      | HP: 14/40 [asphyx]
  9086 | D:5      | HP: 16/40 [asphyx]
  9091 | D:5      | HP: 14/40 [poisoned by a kobold brigand (curare-tipped
                  | dart)]
  9095 | D:5      | HP: 6/40 [poisoned by a kobold brigand (curare-tipped
                  | dart)]
  9393 | D:6      | Reached skill level 11 in Stealth
  9504 | D:7      | Found a staircase to the Ecumenical Temple.
  9513 | Temple   | Entered the Ecumenical Temple
  9701 | Temple   | Became a worshipper of Gozag Ym Sagoz the Greedy
  9774 | D:7      | Found Ikeabaef's Jewellery Shoppe.
  9841 | D:7      | Found a flagged portal.
 10000 | D:7      | HP: 18/40 [wight/+5 spear (9)]
 10206 | D:7      | Reached skill level 5 in Short Blades
 10782 | D:8      | Noticed Grum
 11047 | D:8      | Reached skill level 4 in Fighting
 11798 | D:8      | Reached skill level 6 in Throwing
 12192 | D:6      | HP: 16/39 [orc wizard/magic dart (4)]
 12458 | D:5      | Reached skill level 2 in Dodging
 12791 | D:6      | Reached skill level 12 in Stealth
 12967 | D:7      | Reached skill level 6 in Short Blades
 13228 | D:8      | Reached XP level 9. HP: 39/46 MP: 10/10
 13743 | D:7      | Bought an amulet of reflection for 360 gold pieces
 13823 | D:6      | Reached skill level 3 in Dodging
 14370 | D:8      | HP: 22/46 [orc wizard/puff of flame (11)]
 14592 | D:8      | Found a glowing golden altar of the Shining One.
 14917 | D:9      | Reached skill level 5 in Fighting
 14917 | D:9      | Reached skill level 4 in Dodging
 14946 | D:9      | HP: 20/47 [yak (8)]
 15460 | D:9      | Reached skill level 7 in Short Blades
 15460 | D:9      | Reached skill level 13 in Stealth
 15577 | D:9      | Reached skill level 5 in Dodging
 15582 | D:10     | Entered Level 10 of the Dungeon
 16385 | D:8      | Reached skill level 6 in Dodging
 16396 | D:8      | Found a hide-covered altar of Uskayaw.
 16397 | D:8      | Identified the +1 robe of the Mind {rF+ rCorr Archmagi}
 16416 | D:8      | Found a staircase to the Lair.
 16439 | D:8      | Noticed a two-headed ogre
 16640 | D:8      | Reached XP level 10. HP: 53/53 MP: 11/11
 16657 | D:8      | HP: 26/53 [poisoned by a killer bee]
 16662 | D:8      | HP: 16/53 [poisoned by a killer bee]
 16667 | D:8      | HP: 8/53 [poisoned by a killer bee]
 17403 | D:9      | HP: 25/53 [wyvern (4)]
 17408 | D:9      | Reached skill level 6 in Fighting
 17581 | D:9      | Noticed a centaur warrior
 17584 | D:9      | Killed a centaur warrior
 17585 | D:9      | Reached skill level 8 in Short Blades
 17585 | D:9      | Reached skill level 7 in Dodging
 17585 | D:9      | Reached skill level 14 in Stealth
 17663 | D:10     | Found a large runed translucent door.
 17663 | D:10     | Found a large runed translucent door.
 18432 | D:10     | Found a stormy altar of Qazlal.
 18727 | D:10     | HP: 20/53 [wyvern (15)]
 18736 | D:10     | Reached skill level 8 in Dodging
 18736 | D:10     | Reached skill level 15 in Stealth
 18939 | D:9      | HP: 21/53 [dream sheep (10)]
 19151 | D:8      | HP: 24/53 [dream sheep (9)]
 19431 | D:10     | Reached skill level 7 in Fighting
 19816 | D:9      | Reached skill level 9 in Dodging
 19876 | D:10     | HP: 27/55 [yak (14)]
 19888 | D:9      | HP: 18/55 [yak (11)]
 20448 | D:10     | Noticed a deep elf knight
 20541 | D:9      | Reached XP level 11. HP: 50/58 MP: 12/12
 20547 | D:9      | Noticed a sea snake
 20922 | Lair:1   | Entered Level 1 of the Lair of Beasts
 20922 | Lair:1   | Noticed a five-headed hydra
 21169 | D:4      | Bought a book of Callings for 260 gold pieces
 21173 | D:4      | Learned a level 3 spell: Call Canine Familiar
 21386 | D:9      | Reached skill level 1 in Spellcasting
 21660 | D:10     | Reached skill level 1 in Summonings
 21782 | D:10     | HP: 27/58 [troll (10)]
 22067 | D:11     | Noticed a two-headed ogre
 22073 | D:11     | Killed a two-headed ogre
 22074 | D:11     | Reached skill level 10 in Dodging
 22074 | D:11     | Reached skill level 2 in Spellcasting
 22145 | D:11     | HP: 29/58 [poisoned by a kobold brigand (curare-tipped
                  | dart)]
 22151 | D:11     | HP: 19/58 [asphyx]
 22605 | D:10     | Noticed Maurice
 22667 | D:11     | Reached skill level 3 in Spellcasting
 22667 | D:11     | Reached skill level 2 in Summonings
 23199 | D:12     | Found a gate leading to a gauntlet.
 23206 | Gauntlet | Entered a Gauntlet
 23206 | Gauntlet | Found a transporter.
 23209 | Gauntlet | Found a transporter.
 23211 | Gauntlet | Found a transporter.
 23211 | Gauntlet | Noticed an entropy weaver
 23214 | Gauntlet | Found a transporter.
 23214 | Gauntlet | Found a transporter.
 23215 | Gauntlet | Found a transporter.
 23220 | Gauntlet | Noticed a dire elephant
 23223 | Gauntlet | Found a transporter.
 23223 | Gauntlet | Noticed an obsidian statue
 23231 | Gauntlet | Found a transporter.
 23290 | Gauntlet | Found a transporter.
 23310 | Gauntlet | Found a transporter.
 23310 | Gauntlet | Found a transporter.
 23330 | Gauntlet | Found a transporter.
 23330 | Gauntlet | Noticed an obsidian statue
 23517 | D:12     | Noticed a seven-headed hydra
 23888 | D:11     | Found Zuuheimu's Weapon Emporium.
 23893 | D:11     | Bought the +8 rapier of Uskayaw's Regard {drain, rC+ Dex+4}
                  | for 765 gold pieces
 23918 | D:11     | Learned a level 3 spell: Summon Guardian Golem
 23993 | D:11     | Reached skill level 4 in Spellcasting
 24252 | D:10     | Paralysed by Maurice for 3 turns
 24260 | D:10     | Killed Maurice
 24416 | D:10     | Noticed an ogre mage
 24490 | D:10     | Reached skill level 3 in Summonings
 24564 | D:10     | Noticed a two-headed ogre
 24628 | D:10     | Noticed a centaur warrior
 24865 | D:8      | Reached skill level 5 in Spellcasting
 25388 | D:8      | Killed a two-headed ogre
 25579 | D:8      | Killed Grum
 25957 | D:11     | Noticed a two-headed ogre
 26240 | D:10     | Killed a centaur warrior
 26241 | D:10     | Reached skill level 9 in Short Blades
 26241 | D:10     | Reached skill level 6 in Spellcasting
 26241 | D:10     | Reached skill level 4 in Summonings
 26392 | D:10     | Killed a two-headed ogre
 26999 | D:11     | Killed a two-headed ogre
 27000 | D:11     | Reached skill level 7 in Spellcasting
 27000 | D:11     | Reached XP level 12. HP: 47/63 MP: 23/23
 27176 | D:11     | Found a staircase to the Orcish Mines.
 28009 | D:12     | Reached skill level 5 in Summonings
 28165 | D:12     | Killed a seven-headed hydra
 28227 | D:12     | Noticed a boulder beetle
 28246 | D:12     | Noticed a six-headed hydra
 28265 | D:12     | Killed a six-headed hydra
 28266 | D:12     | Reached skill level 10 in Short Blades
 28515 | D:12     | Reached skill level 8 in Spellcasting
 28665 | D:12     | Killed a boulder beetle
 28882 | D:12     | Found a shadowy altar of Dithmenos.
 29618 | D:13     | Found a hide-covered altar of Uskayaw.
 29649 | D:13     | Learned a level 6 spell: Dispersal
 29785 | D:13     | Found a runed translucent door.
 29785 | D:13     | Noticed an ogre mage
 29786 | D:13     | Noticed Powertoast's ghost (adept DjCj)
 29810 | D:13     | Reached skill level 6 in Summonings
 29810 | D:13     | Reached skill level 1 in Translocations
 30352 | D:14     | Found Cini's Assorted Antiques.
 30378 | D:14     | Noticed a centaur warrior
 30414 | D:14     | Killed a centaur warrior
 30415 | D:14     | Reached skill level 1 in Staves
 30415 | D:14     | Reached skill level 9 in Spellcasting
 30415 | D:14     | Reached skill level 2 in Translocations
 30515 | D:14     | Noticed a centaur warrior
 30663 | D:14     | Noticed a centaur warrior
 30676 | D:14     | Killed a centaur warrior
 30793 | D:14     | Reached skill level 3 in Translocations
 30936 | D:14     | Noticed a centaur warrior
 31015 | D:14     | Reached skill level 11 in Short Blades
 31236 | D:14     | HP: 32/64 [skeletal warrior/+0 battleaxe (32)]
 31244 | D:14     | Reached skill level 8 in Fighting
 31478 | D:14     | Noticed a centaur warrior
 31487 | D:15     | Entered Level 15 of the Dungeon
 31587 | D:14     | Killed a centaur warrior
 31588 | D:14     | Reached skill level 2 in Staves
 31588 | D:14     | Reached skill level 4 in Translocations
 31807 | D:14     | Killed a centaur warrior
 31808 | D:14     | Reached XP level 13. HP: 51/68 MP: 20/27
 32066 | D:14     | HP: 31/68 [centaur warrior/arrow (25)]
 32174 | D:15     | Found a staircase to the Depths.
 32444 | D:4      | Bought a book of Beasts for 494 gold pieces
 32447 | D:4      | Learned a level 2 spell: Blink
 32452 | D:4      | Learned a level 4 spell: Summon Ice Beast
 32687 | Lair:1   | Reached skill level 5 in Translocations
 32851 | Lair:1   | Reached skill level 10 in Spellcasting
 33036 | Lair:1   | Noticed Joseph
 33043 | Lair:1   | Killed Joseph
 33044 | Lair:1   | Reached skill level 7 in Summonings
 33044 | Lair:1   | Reached skill level 6 in Translocations
 33724 | Lair:2   | Reached skill level 7 in Translocations
 33735 | Lair:2   | HP: 29/68 [death yak (18)]
 34295 | Lair:2   | Reached skill level 8 in Translocations
 34350 | Lair:2   | Reached skill level 16 in Stealth
 34863 | Lair:2   | Found a hole to the Spider Nest.
 34871 | Lair:2   | Reached skill level 8 in Summonings
 35071 | Lair:2   | Reached skill level 9 in Translocations
 35584 | Lair:3   | Found a staircase to the Shoals.
 35952 | Lair:3   | Reached skill level 10 in Translocations
 35957 | Lair:3   | Reached XP level 14. HP: 50/73 MP: 29/29
 35969 | Lair:3   | HP: 31/73 [blink frog (9)]
 35974 | Lair:3   | Reached skill level 17 in Stealth
 36541 | Lair:3   | Learned a level 5 spell: Summon Mana Viper
 36994 | Lair:4   | Found a transporter.
 36997 | Lair:4   | Found a transporter.
 36998 | Lair:4   | Noticed videwesjr's ghost (journeyman MiBe)
 37425 | Lair:4   | Reached skill level 11 in Translocations
 37799 | Lair:5   | Entered Level 5 of the Lair of Beasts
 38005 | Lair:5   | Reached skill level 9 in Summonings
 38391 | Lair:5   | Found a staircase to the Slime Pits.
 38476 | Lair:5   | Reached skill level 18 in Stealth
 38943 | Lair:5   | Reached skill level 12 in Translocations
 40508 | Orc:1    | Entered Level 1 of the Orcish Mines
 40510 | Orc:1    | Found a runed translucent gate.
 40510 | Orc:1    | Found a runed translucent gate.
 40510 | Orc:1    | Found a runed translucent gate.
 41029 | Orc:1    | Noticed liarliar's ghost (journeyman DsIE)
 41540 | Orc:2    | Entered Level 2 of the Orcish Mines
 41583 | Orc:2    | Reached skill level 19 in Stealth
 41743 | Orc:2    | Reached skill level 11 in Spellcasting
 41967 | Orc:2    | Found Qevumiro's Book Emporium.
 42177 | Orc:2    | Reached skill level 10 in Summonings
 42177 | Orc:2    | Reached XP level 15. HP: 78/78 MP: 31/31
 42262 | Orc:2    | Found Zaenut's Distillery.
 42396 | Orc:2    | Bought a potion of experience for 650 gold pieces
 42396 | Orc:2    | Bought a potion of haste for 130 gold pieces
 42396 | Orc:2    | Bought a potion of haste for 130 gold pieces
 42396 | Orc:2    | Bought 2 potions of cancellation for 208 gold pieces
 42398 | Orc:2    | Reached skill level 9 in Fighting
 42398 | Orc:2    | Reached XP level 16. HP: 84/84 MP: 32/32
 42768 | Orc:2    | Found a staircase to the Elven Halls.
 43519 | Orc:2    | Found Kept's Antique Armour Shop.
 43523 | Orc:2    | Found Peely's Antique Weapon Boutique.
 43926 | Spider:1 | Entered Level 1 of the Spider Nest
 43933 | Spider:1 | Reached skill level 20 in Stealth
 44140 | Spider:1 | HP: 40/84 [barbs]
 44577 | D:15     | Noticed Roxanne
 44951 | D:15     | Reached skill level 12 in Spellcasting
 45371 | D:15     | Reached skill level 10 in Fighting
 45418 | D:15     | HP: 35/85 [titan zombie (35)]
 45706 | D:15     | Reached skill level 11 in Summonings
 46505 | Shoals:1 | Entered Level 1 of the Shoals
 46837 | Shoals:1 | HP: 42/85 [poisoned by a sea snake]
 47576 | Shoals:1 | HP: 42/85 [merfolk impaler/+1 trident of venom (25)]
 47581 | Shoals:1 | HP: 27/85 [poisoned by a merfolk impaler]
 47586 | Shoals:1 | HP: 22/85 [poisoned by a merfolk impaler]
 47591 | Shoals:1 | HP: 20/85 [poisoned by a merfolk impaler]
 49003 | Shoals:2 | Identified the +4 ring mail "Wism" {Rampage Dex-3 SInv
                  | Stlth+}
 49022 | Shoals:2 | Reached skill level 13 in Spellcasting
 49127 | Shoals:2 | HP: 28/85 [wind drake/the air (15)]
 49562 | Shoals:1 | Learned a level 4 spell: Cause Fear
 49714 | Shoals:2 | Reached skill level 1 in Hexes
 49867 | Shoals:2 | Reached skill level 2 in Hexes
 49900 | Shoals:2 | HP: 33/85 [sea snake (17)]
 50303 | Shoals:2 | Identified the +1 leather armour of Tywext {Dex+2}
 50668 | Shoals:3 | Reached skill level 3 in Hexes
 50747 | Shoals:3 | HP: 31/86 [faun/+0 quarterstaff (26)]
 50749 | Shoals:3 | HP: 12/86 [faun/+0 quarterstaff (20)]
 50999 | Shoals:3 | Noticed Ilsuiw
 50999 | Shoals:3 | Found Koturho's Antique Armour Emporium.
 51293 | Shoals:3 | Reached skill level 4 in Hexes
 51557 | Shoals:3 | CougarLife: yo
 51561 | Shoals:3 | CougarLife: spriggan eh
 51565 | Shoals:3 | CougarLife: spriggan in shoals
 51574 | Shoals:3 | CougarLife: spooky
 51589 | Shoals:3 | CougarLife: look at this guy using summons
 51592 | Shoals:3 | sleeves: its what i found
 51592 | Shoals:3 | sleeves: the early game was so rough
 51592 | Shoals:3 | CougarLife: yeah youre a spriggan
 51592 | Shoals:3 | CougarLife: you have 86 max hp in shoals
 51592 | Shoals:3 | CougarLife: its still rough LOL
 51592 | Shoals:3 | sleeves: i found good shops though eventually
 51592 | Shoals:3 | sleeves: luckily
 51608 | Shoals:3 | CougarLife: did you get good jewelry or somethin
 51702 | Shoals:2 | sleeves: just good book
 51702 | Shoals:2 | sleeves: and a shop with this rapier
 51702 | Shoals:2 | sleeves: and found that robe
 51702 | Shoals:2 | CougarLife: what does archmagi do
 51702 | Shoals:2 | CougarLife: just boost to spells?
 51702 | Shoals:2 | sleeves: boosts the power of spells tyeah
 51702 | Shoals:2 | CougarLife: meh
 51702 | Shoals:2 | CougarLife: kinda trash tbh lol
 51702 | Shoals:2 | CougarLife: the rapier and the robe
 51702 | Shoals:2 | sleeves: idk its good imo
 51702 | Shoals:2 | sleeves: game woulda been hard without
 51702 | Shoals:2 | CougarLife: i guess if you have nothing sure lol
 51860 | Shoals:2 | Killed Ilsuiw
 51861 | Shoals:2 | sleeves: holy
 51861 | Shoals:2 | CougarLife: what
 51861 | Shoals:2 | sleeves: my 5 sh reflect amu just killed him
 51861 | Shoals:2 | sleeves: lol
 51861 | Shoals:2 | sleeves: coulda one shot me
 51861 | Shoals:2 | CougarLife: lol
 51870 | Shoals:2 | CougarLife: yeah ur a spriggan
 51882 | Shoals:2 | CougarLife: merfolk are scary man
 51987 | Shoals:2 | CougarLife: summon hydra at 22% rn
 51987 | Shoals:2 | CougarLife: wouldnt be bad with all the water
 51987 | Shoals:2 | CougarLife: mfs would zoom
 51987 | Shoals:2 | sleeves: yeah hoping to get it up
 51987 | Shoals:2 | sleeves: soon
 51987 | Shoals:2 | CougarLife: you have 14 slots left
 51987 | Shoals:2 | CougarLife: i would prolly just dump all xp in summ if i
                  | were you
 51987 | Shoals:2 | CougarLife: but also spriggan needs the health from
                  | fighting so idk
 51987 | Shoals:2 | CougarLife: what are you training hexes to get online
 51987 | Shoals:2 | sleeves: i wanted fear
 51987 | Shoals:2 | CougarLife: whats fear %
 51987 | Shoals:2 | CougarLife: oh nice
 51987 | Shoals:2 | CougarLife: turn off hex now
 51987 | Shoals:2 | CougarLife: so u can get hydra
 51987 | Shoals:2 | sleeves: its been saving me here
 52020 | Shoals:3 | Reached skill level 12 in Summonings
 52402 | Shoals:3 | CougarLife: have you tried any sprints today
 52402 | Shoals:3 | sleeves: nah
 52416 | Shoals:3 | CougarLife: you would prolly find them boring
 52416 | Shoals:3 | sleeves: maybe
 52429 | Shoals:3 | CougarLife: thats my guess anyway
 52430 | Shoals:3 | CougarLife: i could be wrong
 52462 | Shoals:3 | CougarLife: theyre kinda like oneshots if youve ever played
                  | ttrpg's
 52486 | Shoals:3 | sleeves: i played some
 52677 | Shoals:3 | Reached XP level 17. HP: 78/90 MP: 30/35
 52791 | Lair:3   | sleeves: gonna grab a snack but hows ur troll
 52791 | Lair:3   | CougarLife: havent played yet
 52791 | Lair:3   | CougarLife: i cleared swamp 1 and that was it
 52791 | Lair:3   | CougarLife: tried some of the sprints
 52791 | Lair:3   | sleeves: are you gonna play today?
 52791 | Lair:3   | CougarLife: maybe in a bit
 52791 | Lair:3   | CougarLife: i think i need a nap
 52791 | Lair:3   | CougarLife: slept like shit
 52791 | Lair:3   | sleeves: i see rip
 52791 | Lair:3   | CougarLife: apparently tombs is super hard now
 52791 | Lair:3   | CougarLife: which is great to hear cuz it was already hard
 52791 | Lair:3   | sleeves: since which patch
 52791 | Lair:3   | CougarLife: not sure
 52791 | Lair:3   | sleeves: I did tomb in .28
 52791 | Lair:3   | sleeves: and yeah it feels impossible
 52791 | Lair:3   | CougarLife: holy fuck
 52791 | Lair:3   | CougarLife: that guy has a 15 rune trmo run in 36k turns
 52791 | Lair:3   | sleeves: who
 52791 | Lair:3   | CougarLife: the one i was talkin about last night
 52791 | Lair:3   | CougarLife: TittyCrusher
 52791 | Lair:3   | sleeves: o
 52791 | Lair:3   | sleeves: yeah idk how they do it
 52791 | Lair:3   | CougarLife: no clue but he was a chei follower
 52791 | Lair:3   | CougarLife: how the fuck did he get that low of a turncount
                  | with how slow you move with chei
 52791 | Lair:3   | CougarLife: are there people who cheat at this game
 52791 | Lair:3   | sleeves: idk
 52791 | Lair:3   | sleeves: possibly
 52791 | Lair:3   | sleeves: but i really doubt it
 52791 | Lair:3   | sleeves: i think hes probably skipping floors
 52791 | Lair:3   | sleeves: going straight into lair branches
 52791 | Lair:3   | sleeves: things like that
 52791 | Lair:3   | sleeves: spamming passage
 52791 | Lair:3   | sleeves: my best is VsMo of chei in 65k turns
 52791 | Lair:3   | sleeves: got 15 runes
 52791 | Lair:3   | CougarLife: yeah but
 52791 | Lair:3   | CougarLife: 36k 15 runes
 52791 | Lair:3   | CougarLife: theres no fucking way
 52791 | Lair:3   | sleeves: I think that run i did 65k could have been way
                  | lower
 52791 | Lair:3   | sleeves: but I autoexplored too much
 52791 | Lair:3   | sleeves: so I think i can see it
 52791 | Lair:3   | CougarLife: bro
 52791 | Lair:3   | CougarLife: ur 4k turns above 36k rn
 52791 | Lair:3   | CougarLife: and ur gozag
 52791 | Lair:3   | CougarLife: he did all 15 runes in 36k with chei
 52791 | Lair:3   | sleeves: yeah cuz im not trying to go low turncount lol
 52791 | Lair:3   | sleeves: im not saying i could do it
 52791 | Lair:3   | sleeves: but im saying i can see how it could be
 52791 | Lair:3   | sleeves: I coulda maybe got like 40-50k turncount on my run
 52791 | Lair:3   | sleeves: if i didnt auto explore
 52791 | Lair:3   | CougarLife: wukd
 52791 | Lair:3   | CougarLife: wild
 52791 | Lair:3   | sleeves: he probably had some really good rng as well
 52791 | Lair:3   | sleeves: those kinda runs are rare
 52791 | Lair:3   | CougarLife: hes pretty good at the game
 52791 | Lair:3   | sleeves: yeah
 52791 | Lair:3   | CougarLife: 9.82% winrate
 52791 | Lair:3   | CougarLife: 872 games
 52791 | Lair:3   | CougarLife: 876 sorry
 52791 | Lair:3   | sleeves: my winrate is fkd
 52791 | Lair:3   | CougarLife: same lol
 52791 | Lair:3   | sleeves: cuz how i played before i started caring
 52791 | Lair:3   | CougarLife: yeah same
 52791 | Lair:3   | sleeves: but i bet it would be much higher
 52791 | Lair:3   | CougarLife: ill still play like that tbh lol
 52791 | Lair:3   | CougarLife: i saw a guy named GigaChad fucking sprinting
                  | through floors on fighters the other night
 52791 | Lair:3   | CougarLife: shit was hilarious
 52791 | Lair:3   | CougarLife: mf just auto tabbing through d9
 52791 | Lair:3   | CougarLife: wait is that rapier an unrandart
 52791 | Lair:3   | sleeves: nah its random
 53256 | Spider:1 | sleeves: this entrance is stupid af
 53273 | Lair:2   | HP: 42/90 [demonic crawler (9)]
 53305 | Lair:2   | HP: 40/90 [torpor snail (10)]
 53577 | Lair:2   | CougarLife: entrance to what
 53577 | Lair:2   | CougarLife: spider?:
 53577 | Lair:2   | sleeves: yeah i keep getting surronded
 53577 | Lair:2   | CougarLife: whats hydra at
 53585 | Lair:2   | Learned a level 7 spell: Summon Hydra
 53585 | Lair:2   | sleeves: 19
 53585 | Lair:2   | CougarLife: whats the miscast
 53585 | Lair:2   | CougarLife: penalty
 53585 | Lair:2   | sleeves: im sure its awful
 53585 | Lair:2   | CougarLife: naw
 53585 | Lair:2   | CougarLife: just nameless horror
 53697 | Lair:2   | CougarLife: ig a nameless horror would be pretty bad rn tho
                  | lol
 53896 | Spider:1 | HP: 45/90 [poisoned by a redback]
 53901 | Lair:2   | HP: 28/90 [poisoned by a redback]
 53906 | Lair:2   | HP: 23/90 [poisoned by a redback]
 54534 | Spider:1 | Noticed Azrael
 54548 | Spider:1 | Killed Azrael
 54549 | Spider:1 | Reached skill level 13 in Summonings
 54860 | Spider:2 | HP: 45/90 [poisoned by a wolf spider]
 54865 | Spider:2 | HP: 39/90 [poisoned by a wolf spider]
 56379 | Spider:2 | Reached skill level 14 in Summonings
 56381 | Spider:2 | HP: 37/90 [disintegration (53)]
 58261 | Spider:4 | Entered Level 4 of the Spider Nest
 58283 | Spider:3 | HP: 42/90 [meliai/+0 war axe (7)]
 58717 | Spider:3 | HP: 34/89 [culicivora (23)]
 59879 | Spider:4 | Identified the +7 flail "Ochiweit" {antimagic, Will+ Str+6
                  | Int+2 Dex-5}
 59943 | Spider:4 | Identified the +3 helmet "Neddisuu" {Int+3}
 60664 | Spider:4 | Reached skill level 11 in Fighting
 60813 | Spider:4 | Identified the +0 hat of Ekuhuawn {Slay+3}
 61097 | Spider:4 | Reached skill level 15 in Summonings
 61122 | Spider:4 | CougarLife: ima nap for like an hour then ill play
 63033 | Spider:4 | HP: 28/93 [broodmother (21)]
 63344 | Spider:4 | Reached XP level 18. HP: 95/97 MP: 20/36
 63661 | Spider:4 | Identified the +0 hat of Vulaohah {rC+ rN+ Str-2}
 63703 | Spider:4 | Got a gossamer rune of Zot
 63725 | Spider:4 | Identified the +1 hat of Negligence {Str+7 Int+3}
 63856 | Spider:3 | Learned a level 7 spell: Monstrous Menagerie
 64136 | D:1      | Bought the ring of Ybazxuci {rF+ rN++ Will+ Int-2} for 588
                  | gold pieces
 64466 | Elf:1    | Entered Level 1 of the Elven Halls
 64566 | Elf:1    | Noticed a shard shrike
 64626 | Elf:1    | Noticed Nikola
 65161 | D:14     | Bought a scroll of identify for 62 gold pieces
 65725 | D:13     | Found a gate to the Vaults.
 65729 | D:13     | Reached skill level 12 in Fighting
 65729 | D:13     | Reached skill level 1 in Shields
 65737 | Vaults:1 | Entered Level 1 of the Vaults
 66047 | Vaults:1 | HP: 49/98 [vault warden/+1 vorpal great sword (10)]
 66053 | Vaults:1 | HP: 40/98 [great orb of eyes (10)]
 66309 | Vaults:1 | Reached skill level 2 in Shields
 66455 | Vaults:1 | HP: 47/98 [ironbound frostheart/creeping frost (21)]
 66508 | Vaults:1 | HP: 32/98 [ironbound thunderhulk/+0 dire flail (28)]
 66777 | Vaults:1 | Found Haecus's Antique Weapon Emporium.
 67228 | Vaults:1 | Identified the +6 plate armour of Shrieking Curiosity
                  | {rCorr}
 67356 | Vaults:1 | Reached skill level 3 in Shields
 67377 | Vaults:1 | HP: 49/98 [ironbound frostheart/creeping frost (25)]
 67648 | Vaults:1 | HP: 46/98 [ironbound frostheart (11)]
 68276 | Vaults:1 | Reached skill level 16 in Summonings
 68547 | Vaults:1 | Reached skill level 4 in Shields
 69321 | Vaults:1 | Reached skill level 13 in Fighting
 69328 | Vaults:1 | HP: 44/100 [tengu reaver/bolt of cold (13)]
 69741 | Vaults:1 | Reached skill level 5 in Shields
 70116 | Vaults:1 | Identified the +3 leather armour of the Gazing Gods {rF++
                  | Will+ Int+5}
 70162 | Vaults:1 | Identified the +8 plate armour of the Pits of Slime {Str+4
                  | Int+4 Stlth+}
 70721 | Vaults:2 | Noticed Donald
 70730 | Vaults:2 | Killed Donald
 70956 | Vaults:2 | Reached skill level 6 in Shields
 70956 | Vaults:2 | Reached XP level 19. HP: 89/105 MP: 18/37
 71050 | Vaults:2 | Found a portal to a secret trove of treasure.
 71134 | Vaults:2 | CougarLife: hows ur run going
 71154 | Vaults:2 | sleeves: my elf is a nightmare
 71154 | Vaults:2 | sleeves: but besides that its alright
 71154 | Vaults:2 | sleeves: scared of shoals 4
 71154 | Vaults:2 | CougarLife: fun
 71263 | Vaults:2 | Noticed Jory
 71264 | Vaults:2 | sleeves: this is even worse than elves now
 71264 | Vaults:2 | CougarLife: that spear spell can 1 shot u
 71264 | Vaults:2 | CougarLife: lol
 71337 | Vaults:2 | Killed Jory
 71338 | Vaults:2 | CougarLife: easy
 71338 | Vaults:2 | sleeves: hydras somehow just own everything
 71492 | Vaults:2 | Found Ybourr's Jewellery Shop.
 71500 | Vaults:2 | CougarLife: its called having multiple heads
 71500 | Vaults:2 | CougarLife: you should try it sometime
 72270 | Vaults:2 | Noticed Margery
 72325 | Vaults:2 | Killed Margery
 72643 | Vaults:2 | Reached skill level 14 in Fighting
 73150 | Vaults:3 | HP: 49/106 [yaktaur captain/bolt (48)]
 73377 | Vaults:3 | Reached skill level 7 in Shields
 74441 | Vaults:3 | Found the +5 glaive of the Guard {elec, spectral, AC+5}
 74740 | Vaults:3 | CougarLife: did you just walk up to that troll
 74744 | Vaults:3 | CougarLife: and swing on him
 74752 | Vaults:3 | CougarLife: youre a fuckin madman
 74752 | Vaults:3 | sleeves: he cant one shot me
 74802 | Vaults:3 | CougarLife: 107 hp
 74862 | Vaults:3 | CougarLife: leave it to the hydras big man
 74899 | Vaults:3 | CougarLife: theyre hungry anyway
 74923 | Vaults:3 | CougarLife: idk how youre doing v5 with 25 ev and 14 sh
 74925 | Vaults:3 | CougarLife: ur a fucking freak
 75201 | Vaults:3 | sleeves: getting CRAZY in here
 75205 | Vaults:3 | Found a staircase to the Crypt.
 75431 | Vaults:3 | Reached skill level 8 in Shields
 75453 | Vaults:3 | CougarLife: whatever you saw in elf must be bad if youre
                  | here like this LOL
 75933 | Vaults:3 | CougarLife: skulls are spooky
 75940 | Vaults:2 | CougarLife: so is that guy
 76126 | Vaults:2 | CougarLife: do spriggan move faster than fuckin felids or
                  | whats goin on here
 76135 | Vaults:2 | sleeves: yea
 76139 | Vaults:2 | CougarLife: thats fucked
 76263 | Vaults:3 | sleeves: cats are memes
 76273 | Vaults:3 | CougarLife: i think cats get more hp tho
 76274 | Vaults:3 | CougarLife: which is funny
 76428 | Vaults:3 | CougarLife: speaking of, i wanna do another cat run
 76436 | Vaults:3 | CougarLife: kind of
 76606 | Vaults:3 | CougarLife: summoner just looks so fun man
 76606 | Vaults:3 | sleeves: it is but felids suck
 76676 | Vaults:3 | CougarLife: yeahhh
 76791 | Vaults:3 | CougarLife: maybe i do somethin other than felid
 76794 | Vaults:3 | sleeves: spriggan XD
 76794 | Vaults:3 | CougarLife: somethin that has good aptitudes
 76794 | Vaults:3 | sleeves: tengu
 76794 | Vaults:3 | CougarLife: not spriggan
 76794 | Vaults:3 | CougarLife: tengu would be fun
 76794 | Vaults:3 | sleeves: or go a polearm summoner
 76794 | Vaults:3 | sleeves: or go the caster summoner
 76794 | Vaults:3 | CougarLife: yeah i wanna go caster
 76794 | Vaults:3 | sleeves: with spellforged
 76794 | Vaults:3 | sleeves: go hep with spellforged
 76794 | Vaults:3 | sleeves: thats one of my favoirtes
 76794 | Vaults:3 | sleeves: 3 dudes walking around casting LCS
 76794 | Vaults:3 | sleeves: the firing squad
 77416 | Vaults:3 | sleeves: can start EE or Summoner for that build
 77416 | Vaults:3 | CougarLife: its gonna have to wait until i win or die on
                  | this troll
 77416 | Vaults:3 | sleeves: yeah
 77425 | Vaults:3 | CougarLife: oh man
 77429 | Vaults:3 | CougarLife: i just fell into a shaft
 77436 | Vaults:3 | CougarLife: and theres a fucking abyss monster here what
                  | the fuck
 77440 | Vaults:3 | HP: 50/107 [jiangshi[a curse skull] (17)]
 77441 | Vaults:3 | CougarLife: spooky skull
 77441 | Vaults:3 | sleeves: cant believe he didnt die
 77459 | Vaults:3 | HP: 33/107 [??? (20)]
 77465 | Vaults:3 | HP: 22/107 [??? (13)]
 77482 | Vaults:3 | sleeves: yeah then theres just a yak after i cleared this
                  | floor
 77482 | Vaults:3 | sleeves: rip
 77484 | Vaults:3 | HP: 40/107 [??? (25)]
 77486 | Vaults:3 | CougarLife: pray
 77709 | Vaults:3 | CougarLife: did it tp you to stairs??
 77743 | Vaults:3 | sleeves: near em
 77743 | Vaults:3 | CougarLife: nice
 77743 | Vaults:3 | sleeves: i need to kill him
 77743 | Vaults:3 | CougarLife: yeah
 77802 | Vaults:3 | CougarLife: good luck
 77810 | Vaults:3 | CougarLife: instantly 40 damage lol
 77811 | Vaults:3 | sleeves: this is gonna be the play
 77812 | Vaults:3 | CougarLife: cope
 77815 | Vaults:3 | sleeves: ????
 77815 | Vaults:3 | CougarLife: oh ur fucked
 77815 | Vaults:3 | CougarLife: LOL
 77815 | Vaults:3 | sleeves: how did he cast
 77820 | Vaults:3 | CougarLife: frame 1 silence
 77820 | Vaults:3 | CougarLife: unlucky
 77820 | Vaults:3 | sleeves: dude
 77820 | Vaults:3 | sleeves: WTF
 77820 | Vaults:3 | CougarLife: into the random orb of eyes
 77831 | Vaults:3 | CougarLife: how are you still alive
 77880 | Vaults:2 | sleeves: he shouldnt have been able to cast
 77880 | Vaults:2 | CougarLife: he just did not cast on you at all
 77921 | Vaults:2 | CougarLife: yeah idk what that was
 77921 | Vaults:2 | sleeves: well he can only summon and tormnet
 77990 | Vaults:3 | CougarLife: was it him or the eyes that silenced you
 77993 | Vaults:3 | sleeves: this fucking maniac
 77993 | Vaults:3 | sleeves: i read a scroll
 77993 | Vaults:3 | sleeves: do i try it again
 78021 | Vaults:3 | Reached skill level 15 in Fighting
 78279 | Vaults:4 | CougarLife: uhhh
 78320 | Vaults:4 | sleeves: fk him
 78320 | Vaults:4 | CougarLife: i dont think scroll of silence is the play
 78324 | Vaults:4 | CougarLife: you need to keep casting to beat him
 78415 | Vaults:4 | CougarLife: do you have any other offensives
 78415 | Vaults:4 | sleeves: he died tho
 78415 | Vaults:4 | CougarLife: other than summons
 78415 | Vaults:4 | sleeves: it worked
 78415 | Vaults:4 | CougarLife: oh you got him?
 78415 | Vaults:4 | sleeves: yeah
 78415 | Vaults:4 | CougarLife: nice
 78415 | Vaults:4 | sleeves: he casts through silence i think tho
 78415 | Vaults:4 | sleeves: shoulda read that
 78415 | Vaults:4 | CougarLife: i just 1 shot a thorn hunter lol
 78415 | Vaults:4 | sleeves: sick
 78415 | Vaults:4 | CougarLife: slouch will not fail now thats nice
 78415 | Vaults:4 | CougarLife: step in time is still at 21 tho thats kinda
                  | wack
 78415 | Vaults:4 | sleeves: huh!
 78415 | Vaults:4 | sleeves: wc
 78453 | Vaults:4 | Reached skill level 9 in Shields
 78503 | Vaults:4 | HP: 27/108 [war gargoyle/spray of metal splinters[a
                  | peacekeeper] (48)]
 80325 | Vaults:4 | Identified a scroll of acquirement
 80338 | Vaults:4 | HP: 47/108 [orc warlord/+0 dire flail (43)]
 80824 | Vaults:4 | Reached XP level 20. HP: 113/113 MP: 31/38
 81685 | D:13     | Acquired 726 gold pieces
 81797 | D:15     | Bought a scroll of enchant armour for 97 gold pieces
 82075 | Vaults:2 | You paid a toll of +3 fire dragon scales to enter a
                  | treasure trove
 82076 | Trove    | Entered a treasure trove
 82081 | Trove    | Found the +7 captain's cutlass {speed, disarm}
 82087 | Trove    | Identified the ring "Zaschabi" {rElec MP+9 Str+5}
 82095 | Trove    | Identified the ring of Tulips {AC+4 Slay+3 SInv}
 82103 | Trove    | Identified the ring of Guobuh {AC+4 Dex+2}
 82110 | Trove    | Got the Octavo of Boreal Orientation
 82391 | D:15     | Bought a slimy robe for 171 gold pieces
 82391 | D:15     | Identified the +1 robe "Cenwoic" {rC+ rN++ Dex+2 Stlth+}
                  | (You bought it in a shop on level 15 of the Dungeon)
 82670 | Elf:1    | Killed Nikola
 82902 | Elf:1    | Noticed Louise
 82957 | Elf:1    | Killed Louise
 82958 | Elf:1    | Reached skill level 5 in Hexes
 82979 | Elf:1    | Found a runed translucent gate.
 82980 | Elf:1    | Found a runed translucent gate.
 82980 | Elf:1    | Found a runed translucent gate.
 82980 | Elf:1    | Found an opulent altar of Gozag.
 82983 | Elf:1    | Noticed videwesjr's ghost (journeyman MiFi)
 83856 | Elf:1    | Found Teqiy's Magic Scroll Boutique.
 84242 | Elf:1    | Reached skill level 10 in Shields
 84357 | Elf:1    | Reached skill level 6 in Hexes
 84584 | Elf:1    | Got Asogas's Octavo of Gathered Concussion
 85167 | Elf:3    | Entered Level 3 of the Elven Halls
 85894 | Elf:3    | Reached skill level 7 in Hexes
 86406 | Elf:3    | Reached skill level 14 in Spellcasting
 87238 | Elf:2    | Found a runed translucent gate.
 87272 | Elf:2    | Found a runed translucent gate.
 87272 | Elf:2    | Found a runed translucent gate.
 88420 | Elf:2    | Reached skill level 8 in Hexes
 89798 | Elf:2    | CougarLife: damn bro when do you sleep
 89859 | Elf:3    | CougarLife: gl homie
 90100 | Elf:3    | Identified the +11 spear "Pendulum" {speed, rPois rCorr}
 90101 | Elf:3    | Identified the +10 spear "Aschah" {vorpal, rN+ Will+
                  | Stlth+}
 91535 | Elf:3    | HP: 40/113 [deep elf high priest/damnation (26)]
 92092 | Elf:3    | Identified the +1 leather armour of Utsolaow {Dex+2}
 92092 | Elf:3    | Identified the ring "Rarr" {rC+ rN+ rCorr Int-3}
 92193 | Elf:3    | Reached skill level 15 in Spellcasting
 92193 | Elf:3    | Reached XP level 21. HP: 117/117 MP: 32/41
 92371 | Elf:3    | Reached skill level 11 in Shields
 92952 | Elf:3    | Identified the +0 leather armour "Ewyfadaydu" {Rampage
                  | rPois Regen+}
 93278 | Elf:3    | Reached skill level 17 in Summonings
 93339 | Elf:3    | Learned a level 7 spell: Malign Gateway
 93622 | Elf:3    | Identified the +10 shortbow "Popeuloc" {venom, Str+3 SInv}
 93636 | Elf:3    | Got the Compendium of the Viperous Caves
 93643 | Elf:3    | Identified the +1 helmet of Sahux {Will+ Stlth+}
 94166 | Depths:1 | Entered Level 1 of the Depths
 95040 | Depths:1 | Found a gateway to Hell.
 95086 | Depths:1 | Found a one-way gateway to a ziggurat.
 95227 | Depths:1 | Reached skill level 12 in Shields
 95513 | Depths:1 | Reached skill level 11 in Dodging
 96778 | Depths:2 | Found the +3 greatsling "Punk" {acid, rCorr}
 96783 | Depths:2 | Reached skill level 21 in Stealth
 97139 | Depths:2 | Found a one-way gate leading to the halls of Pandemonium.
 97225 | Depths:2 | Reached skill level 12 in Dodging
 98554 | Depths:2 | sleeves: hello
 98554 | Depths:2 | sleeves: beem
 98554 | Depths:2 | sleeves: !!help
 98554 | Depths:2 | sleeves: !help
 99650 | Depths:2 | Reached skill level 13 in Dodging
100124 | Depths:2 | Found an ornate altar of the Wu Jian Council.
100134 | Depths:2 | Reached skill level 22 in Stealth
100595 | Depths:3 | Noticed a juggernaut
100625 | Depths:3 | Killed a juggernaut
100773 | Depths:3 | Found a corrupted altar of Lugonu.
100773 | Depths:3 | Found a one-way gate to the infinite horrors of the Abyss.
100790 | Depths:3 | Reached skill level 16 in Fighting
100862 | Depths:3 | Reached XP level 22. HP: 124/124 MP: 38/42
101016 | Depths:3 | CougarLife: ur playin real confident
101016 | Depths:3 | sleeves: im strong
101016 | Depths:3 | sleeves: sorta
101016 | Depths:3 | CougarLife: yeah
101016 | Depths:3 | CougarLife: 30 ev
101016 | Depths:3 | CougarLife: pretty strong
101025 | Depths:3 | CougarLife: holy
101027 | Depths:3 | CougarLife: you just walked through the water
101027 | Depths:3 | sleeves: im also one sneaky boi
101027 | Depths:3 | CougarLife: and he didnt wake
101029 | Depths:3 | CougarLife: ok now ur playin with fire
101029 | Depths:3 | CougarLife: lol
101062 | Depths:3 | CougarLife: i tried playing a tengu summoner last night
101067 | Depths:3 | CougarLife: on trunk
101067 | Depths:3 | sleeves: how it go
101117 | Depths:3 | CougarLife: one run felt alright
101119 | Depths:3 | CougarLife: almmost made it to lair without finding any
                  | spells lol
101224 | Depths:3 | CougarLife: oh wait no i did make it to lair
101224 | Depths:3 | sleeves: what god did u go
101224 | Depths:3 | CougarLife: died in lair tho
101225 | Depths:3 | CougarLife: uhhhhh
101233 | Depths:3 | CougarLife: i do not recall
101311 | Depths:3 | CougarLife: think i went gozag
101340 | Depths:3 | CougarLife: aw shiet you got malign online?
101368 | Depths:3 | HP: 40/124 [stone giant/large rock (43)]
101545 | Depths:3 | sleeves: yeah
101545 | Depths:3 | sleeves: it is really strong i guess
101714 | Depths:3 | CougarLife: it is but i feel like its weaker than it used
                  | to be
102255 | Depths:3 | sleeves: yeah
102350 | Depths:3 | sleeves: 4%
102350 | Depths:3 | sleeves: and it happens a lot lol
102350 | Depths:3 | sleeves: still miascasting
102567 | Depths:4 | Entered Level 4 of the Depths
102599 | Depths:4 | Noticed a juggernaut
102610 | Depths:4 | HP: 43/124 [spriggan air mage/the air (27)]
103148 | Depths:4 | Reached skill level 14 in Dodging
103762 | Depths:4 | Found Eqoxzem's Antique Weapon Boutique.
104187 | Depths:4 | Found Niugu's Armour Shop.
104190 | Depths:4 | sleeves: hooool eee
104190 | Depths:4 | CougarLife: holy shit
104190 | Depths:4 | CougarLife: dagger is made for you
104190 | Depths:4 | CougarLife: you could get a bunch of stealth gear and pivot
                  | to a stealth build
104190 | Depths:4 | CougarLife: and just use summons when shit goes bad
104190 | Depths:4 | sleeves: i dont think its worth 2.2k gold though lol
104190 | Depths:4 | sleeves: like sure its good
104190 | Depths:4 | sleeves: but actually this drain dagger is good
104190 | Depths:4 | sleeves: or rapier
104190 | Depths:4 | sleeves: i also have captains cutlass
104196 | Depths:4 | sleeves: ooo
104196 | Depths:4 | sleeves: that is good
104196 | Depths:4 | sleeves: but idk if its better than my robe
104196 | Depths:4 | CougarLife: bro you have 9k gold
104196 | Depths:4 | CougarLife: this is a 3 rune run
104196 | Depths:4 | CougarLife: youll be fine spending 2k gold
104196 | Depths:4 | sleeves: 3 ac, rf, rcorr, and archmagi vs 6 ac relec regen+
                  | 8 str
104196 | Depths:4 | CougarLife: what the fuck do you need troll leather for
104196 | Depths:4 | sleeves: regen
104196 | Depths:4 | sleeves: it helps
104196 | Depths:4 | CougarLife: idk i dont think its worth
104196 | Depths:4 | sleeves: if i can find rf
104196 | Depths:4 | sleeves: i would trade my robe
104196 | Depths:4 | CougarLife: speaking of
104203 | Depths:4 | CougarLife: i still have none on mine lol
104278 | Depths:4 | sleeves: yeaah
104502 | Depths:4 | Reached skill level 23 in Stealth
104528 | Depths:4 | Reached skill level 16 in Spellcasting
105214 | Depths:4 | CougarLife: im gonna take a shower, might get on after im
                  | done
105214 | Depths:4 | sleeves: okay
105617 | Depths:4 | Killed a juggernaut
106003 | Depths:4 | Found a gate to the Realm of Zot.
106733 | Vaults:5 | Entered Level 5 of the Vaults
106801 | Vaults:5 | Reached skill level 15 in Dodging
107038 | Vaults:5 | Identified the +1 chain mail of Pantheism {-Cast rElec
                  | Will+ Dex+3}
107041 | Vaults:5 | Identified the +6 falchion "Hiebb" {flame, rElec Str+3}
107427 | Vaults:5 | Reached skill level 9 in Hexes
108282 | Vaults:5 | Noticed a golden dragon
108291 | Vaults:5 | Reached skill level 10 in Hexes
108868 | Vaults:5 | Killed a golden dragon
109199 | Vaults:5 | Reached XP level 23. HP: 129/129 MP: 39/44
109214 | Vaults:5 | Identified the +10 short sword "Xaucw" {vorpal, rN+ Str+2
                  | Int-3}
109224 | Vaults:5 | Reached skill level 11 in Hexes
109825 | Vaults:5 | HP: 61/129 [deep troll earth mage/blast of metal fragments
                  | (18)]
110384 | Vaults:5 | Reached skill level 12 in Hexes
110385 | Vaults:5 | Reached skill level 18 in Summonings
110605 | Vaults:5 | Got the Disquisition on the Pyre
110612 | Vaults:5 | Got a silver rune of Zot
110795 | Vaults:5 | HP: 63/129 [ironbound preserver/arrow (3)]
111067 | Vaults:4 | Reached skill level 13 in Hexes
111637 | Vaults:5 | Identified the +8 dagger of Laceration {vorpal, rF++ SInv}
111652 | Vaults:5 | Identified the +1 plate armour of Aheroyh {rPois Regen+
                  | Dex-3 SInv}
111900 | Vaults:5 | Got the Octavo of Transfiguration
111912 | Vaults:5 | Learned a level 7 spell: Enfeeble
111916 | Vaults:5 | Identified the +2 spear "Caubbiqu" {spect, Fragile Will+++
                  | MP+9}
111925 | Vaults:5 | Identified the +0 plate armour of Dithmenos's Favour {rF+
                  | Dex+5}
112349 | Vaults:5 | HP: 61/129 [vault guard/+0 great sword (11)]
112737 | Crypt:1  | Entered Level 1 of the Crypt
112762 | Crypt:1  | Reached skill level 14 in Hexes
113195 | Crypt:1  | Noticed Zenata
113489 | Crypt:1  | Killed Zenata
114154 | Crypt:1  | HP: 64/129 [jiangshi[a curse skull] (17)]
114848 | Crypt:2  | Reached skill level 17 in Spellcasting
115376 | Crypt:2  | Reached skill level 15 in Hexes
116785 | Crypt:3  | Entered Level 3 of the Crypt
117528 | Crypt:3  | Reached skill level 18 in Spellcasting
117560 | Crypt:3  | Reached skill level 16 in Hexes
117799 | Crypt:3  | Found a staircase to the Tomb.
117799 | Crypt:3  | Noticed a royal mummy
117829 | Crypt:3  | HP: 52/129 [??? (33)]
117837 | Crypt:3  | Killed a royal mummy
117837 | Crypt:3  | HP: 33/129 [something (22)]
118670 | Crypt:3  | Found a basalt altar of Yredelemnul.
118700 | Crypt:3  | Reached XP level 24. HP: 112/135 MP: 38/46
118720 | Crypt:3  | Reached skill level 17 in Hexes
119239 | Crypt:3  | Found the +12 glaive of Prune {vorpal}
119322 | Crypt:3  | Got the Reference Book on Malignant Rituals
119331 | Crypt:3  | Identified the ring "Duofyn" {rPois rF- rCorr Str+8 Int-3}
119333 | Crypt:3  | Identified the +11 shortbow "Eserphu" {speed, rF+ Dex+4}
119885 | Crypt:3  | Reached skill level 18 in Hexes
120111 | Crypt:3  | Identified the +8 plate armour of Dycvonnefy {rC++ Int+2}
122040 | D:15     | Learned a level 8 spell: Discord
122040 | D:15     | CougarLife: how goes it
122040 | D:15     | sleeves: cleared out crypts and v5
122040 | D:15     | sleeves: thining about just going for a win
122040 | D:15     | CougarLife: sheeeeeeeeeeesh
122040 | D:15     | CougarLife: i mean if you made it through v5
122040 | D:15     | sleeves: also have to afk for a bit now
122040 | D:15     | CougarLife: u could prolly win yeah
122040 | D:15     | CougarLife: sounds good
122040 | D:15     | sleeves: i can watch though
122040 | D:15     | sleeves: if your playing
122040 | D:15     | CougarLife: uh sure
122040 | D:15     | CougarLife: nice shops
122040 | D:15     | sleeves: im rich
122040 | D:15     | CougarLife: yeah i see that
122040 | D:15     | CougarLife: 10k gold
122040 | D:15     | CougarLife: with all those shops already
122043 | D:15     | Bought the ring of Yciokliq {rC++ Str+6 Dex+2} for 1099
                  | gold pieces
122151 | Depths:4 | Bought the +2 troll leather armour of Lugonu's Delight
                  | {rElec Regen+ Str+8} for 1227 gold pieces
122290 | D:15     | sleeves: im just gonna go for the iwn
122290 | D:15     | sleeves: win
122695 | Shoals:4 | Entered Level 4 of the Shoals
122695 | Shoals:4 | Found a stormy altar of Qazlal.
122700 | Shoals:4 | CougarLife: nice
122701 | Shoals:4 | CougarLife: i kinda wanna start an trfi oka run
122706 | Shoals:4 | sleeves: I think you will like that more
122706 | Shoals:4 | CougarLife: well i will definitely feel more comfortable
122706 | Shoals:4 | sleeves: but maybe you should try a caster or smth
122706 | Shoals:4 | CougarLife: all i play is oka lol
122782 | Shoals:4 | CougarLife: casters are so hard
122821 | Shoals:4 | sleeves: they get ez once you learn
122858 | Shoals:4 | Identified the +9 scimitar of Popular Demand {freeze, rC-
                  | Str+3 Dex+8 Stlth+}
122921 | Shoals:4 | Noticed Polyphemus
122949 | Shoals:4 | Reached skill level 19 in Hexes
123250 | Shoals:4 | Noticed Aizul
123255 | Shoals:4 | Killed Aizul
123312 | Shoals:4 | sleeves: spriggan is very funny..
123505 | Shoals:4 | Identified the +3 battleaxe of Kitsisuc {flame, Dex+2}
123697 | Shoals:4 | Noticed Kirke
123706 | Shoals:4 | Killed Kirke
123908 | Shoals:4 | Paralysed by an air elemental for 1 turns
124155 | Shoals:4 | Reached skill level 20 in Hexes
124518 | Shoals:4 | Killed Polyphemus
124669 | Shoals:4 | Got a barnacled rune of Zot
124672 | Shoals:4 | Identified the +1 pair of boots "Muleceah" {rPois rF+
                  | Str+2}
125895 | Zot:1    | Entered Level 1 of the Realm of Zot
126193 | Zot:1    | Reached skill level 13 in Translocations
126365 | Zot:1    | HP: 53/135 [white draconian stormcaller[a purple draconian
                  | shifter] (36)]
126562 | Depths:4 | Reached skill level 24 in Stealth
126788 | Zot:1    | CougarLife: very fun entrance
126789 | Zot:1    | HP: 53/135 [purple draconian/bolt of dispelling energy[a
                  | green draconian monk] (17)]
126863 | Depths:4 | CougarLife: gettin reamed
128388 | Depths:4 | Bought the +7 Spriggan's Knife {stab, EV+4 Stlth+} for 2226
                  | gold pieces
128388 | Depths:4 | Found the +7 Spriggan's Knife {stab, EV+4 Stlth+}
128598 | Zot:1    | Reached skill level 14 in Translocations
129823 | Zot:1    | Reached skill level 25 in Stealth
130279 | Zot:2    | Reached skill level 17 in Fighting
131042 | Zot:2    | sleeves: okay
131042 | Zot:2    | sleeves: so spriggans knife is op
131042 | Zot:2    | sleeves: nvm
131189 | Zot:2    | Reached XP level 25. HP: 140/140 MP: 46/46
132694 | Zot:3    | Reached skill level 18 in Fighting
133990 | Zot:3    | CougarLife: its only good if you catch mobs unaware
134002 | Zot:3    | CougarLife: what the fuck
134005 | Zot:3    | CougarLife: are you 2 shotting dracs?
134011 | Zot:3    | sleeves: 1 shot
134011 | Zot:3    | sleeves: mostly
134011 | Zot:3    | sleeves: lol
134156 | Zot:4    | Reached skill level 26 in Stealth
134180 | Zot:4    | Found the +4 dragonskin cloak
134180 | Zot:4    | Noticed Tiamat
134188 | Zot:4    | sleeves: fk
134188 | Zot:4    | sleeves: thats a problem
134851 | Zot:4    | Noticed an orb of fire
134852 | Zot:4    | sleeves: hm
134852 | Zot:4    | sleeves: maybe its time to bribe zot
134852 | Zot:4    | Gained mutation: You sometimes lose your temper in combat.
                  | [an orb of fire]
135189 | Zot:4    | Lost mutation: You sometimes lose your temper in combat.
                  | [potion of mutation]
135189 | Zot:4    | Gained mutation: You have a pair of small horns on your
                  | head. [potion of mutation]
135189 | Zot:4    | Gained mutation: You have a pair of horns on your head.
                  | [potion of mutation]
135189 | Zot:4    | Gained mutation: You are robust. (+10% HP) [potion of
                  | mutation]
135189 | Zot:4    | Gained mutation: Your flesh is cold resistant. (rC+)
                  | [potion of mutation]
135480 | Zot:4    | sleeves: oh god
135772 | Zot:4    | Gained mutation: You occasionally lose the ability to drink
                  | potions when taking damage. [an orb of fire]
135774 | Zot:4    | Gained mutation: You are weak. (Str -2) [an orb of fire]
135784 | Zot:4    | HP: 72/156 [orb of fire/fireball (32)]
136180 | Zot:4    | Killed an orb of fire
136236 | Zot:4    | CougarLife: what happened
136237 | Zot:4    | CougarLife: oh
136238 | Zot:4    | CougarLife: tiamat
136238 | Zot:4    | CougarLife: fun
136240 | Zot:4    | CougarLife: just kill her :)
136244 | Zot:4    | Killed Tiamat
136245 | Zot:4    | Reached skill level 27 in Stealth
136245 | Zot:4    | CougarLife: oh man that unaware right there
136245 | Zot:4    | CougarLife: was perfect
136245 | Zot:4    | sleeves: i snuck up on her ass
136245 | Zot:4    | CougarLife: HOLY SHIT
136245 | Zot:4    | CougarLife: 27 STEALTH?
136245 | Zot:4    | CougarLife: god damn
136691 | Zot:5    | Entered Level 5 of the Realm of Zot
137144 | Zot:4    | sleeves: im so sneaky
137297 | Zot:5    | Noticed a Killer Klown
137402 | Zot:5    | Noticed an orb of fire
137404 | Zot:5    | Gained mutation: Your movements are slightly less
                  | encumbered by armour. (ER -2) [an orb of fire]
137452 | Zot:5    | HP: 59/156 [??? (37)]
137887 | Zot:5    | Killed a Killer Klown
137888 | Zot:5    | Reached skill level 12 in Short Blades
138464 | Zot:5    | Killed an orb of fire
139189 | Zot:5    | Noticed a dread lich
139195 | Zot:5    | CougarLife: is that lich bribed?
139195 | Zot:5    | sleeves: yea
139199 | Zot:5    | CougarLife: will he kill shit for u?
139203 | Zot:5    | CougarLife: or just walk around like a dumbass
139203 | Zot:5    | Reached skill level 13 in Short Blades
139203 | Zot:5    | sleeves: if someone attacks me
139203 | Zot:5    | sleeves: in his los he will
139203 | Zot:5    | Reached XP level 26. HP: 163/163 MP: 46/46
139211 | Zot:5    | CougarLife: oh shit wtf
139226 | Zot:5    | Noticed a dread lich
139227 | Zot:5    | CougarLife: thats not good
139241 | Zot:5    | CougarLife: 0.4 turns per move holy fuck
139252 | Zot:5    | Killed a dread lich
139253 | Zot:5    | CougarLife: spriggan moving so fast you cant even fucking
                  | see it
139260 | Zot:5    | Noticed a dread lich
139362 | Zot:5    | Killed a dread lich
139369 | Zot:5    | Killed a dread lich
139452 | Zot:5    | Noticed an orb of fire
139455 | Zot:5    | sleeves: yaaas
139460 | Zot:5    | sleeves: i got an OOF
139522 | Zot:5    | sleeves: thats op
139571 | Zot:5    | Got the Orb of Zot
139583 | Zot:5    | Reached skill level 19 in Fighting
139583 | Zot:5    | Reached skill level 14 in Short Blades
139645 | Zot:5    | CougarLife: what is oof
139651 | Zot:5    | CougarLife: oh
139666 | Zot:5    | CougarLife: the bribe
139679 | Zot:5    | Noticed an ancient lich
139839 | Depths:4 | sleeves: money is too good
139993 | D:12     | CougarLife: what the fuck is an orb of fire gonna do with
                  | gold coins
139995 | D:12     | CougarLife: melt it down?
140018 | D:11     | sleeves: buy some designer clothes
140018 | D:11     | sleeves: obviously
140044 | D:8      | CougarLife: obviously
140182 | D:2      | HP: 58/165 [??? (36)]
140216 | D:$      | Escaped with the Orb!

Illustrated notes

Levels and vault maps discovered:
D:1:      psy_arrival_whirlpool, layout_loops_corners,
          hellmonk_ecumenical_altar_leap_of_faith, kennysheep_nondescript,
          minmay_misc_feat_tiny, nicolae_shop_unique_rings
D:2:      layout_basic, grunt_ministairs_9, minmay_pentomino_u4
D:3:      layout_loops_corners, nicolae_ru_sacrificial_ziggurat,
          mainiacjoe_overflow_tiny_flanked, uniq_natasha, uniq_ijyb
D:4:      layout_cave_pools, elyvilon_altar_5, serial_bayou_lagoon_a,
          nicolae_stop_n_shop_1
D:5:      layout_gridville, mainiacjoe_overflow_boulevard,
          hellmonk_ghost_happy_afterlife
D:6:      layout_basic, bloody_makhleb
D:7:      layout_loops_cross, minmay_temple_entry_statues_pillars, serial_shops,
          shop, enter_bailey_2, serial_glass, glass_columns_a, glass_columns_b
D:8:      layout_basic, amcnicky_altar_gilded, tso_altar, lair_entry_dummy,
          nicolae_lava_and_water, kennysheep_generic_room_12, uniq_grum
D:9:      minmay_chambers_of_sixes, layout_irregular_city,
          dreamdust_gnoll_shepherd
D:10:     nzn_winding_woodlands_stair_cross
          [nzn_winding_woodlands_5x15_concentric,
          nzn_winding_woodlands_center_triple_pond,
          nzn_winding_woodlands_5x15_lazy_stream,
          nzn_winding_woodlands_5x5_cross,
          nzn_winding_woodlands_5x5_closed_star,
          nzn_winding_woodlands_5x15_pockets,
          nzn_winding_woodlands_center_diamonds,
          nzn_winding_woodlands_5x15_crooked], layout_layer_cave,
          mainiacjoe_overflow_surrounded_room, jmf_multi_god_temple2,
          uniq_maurice
D:11:     layout_loops_corners, erik_orc_2, serial_shops,
          nicolae_shop_hallway_plus, minmay_misc_feat_diagonals
D:12:     layout_loops_corners, gauntlet_entry_generic, grunt_dithmenos_smoke
D:13:     layout_grid_maze, grunt_vaults_entry_fortified,
          ebering_ghost_inner_flame, nicolae_uskayaw_murder_on_the_dancefloor
D:14:     layout_rooms, kennysheep_cross_bottleneck, nicolae_take_the_stairs,
          kennysheep_small_spiral
D:15:     gammafunk_depths_entry_grave, layout_long_grid,
          minmay_tree_intersection, uniq_roxanne
Temple:   hc_temple_tempest_star
Lair:1:   layout_regular_city, infiniplex_staircase_pool_2,
          serial_bayou_shore_a, grunt_megastairs_3, uniq_joseph
Lair:2:   beast_lair_carwin_large_1, layout_cave_pods, spider_nest_entry_a,
          grunt_megastairs_4
Lair:3:   layout_regular_city, shoals_dummy_entry
Lair:4:   layout_cave_pods, gammafunk_ghost_hive, grunt_megastairs_1,
          serial_bayou_shore_b
Lair:5:   grunt_lair_end_beastmaster, layout_gridlike, slime_entry_1
Shoals:1: layout_shoals
Shoals:2: layout_shoals, nicolae_shoals_so_close
Shoals:3: layout_shoals, serial_shops, nicolae_shop_advertising_works
          [nicolae_subvault_shop_adworks], shoals_oasis, uniq_ilsuiw
Shoals:4: shoals_end_hellmonk_storm_palace [storm_palace_center_square,
          storm_palace_corner_altar, storm_palace_corner_pillars,
          storm_palace_corner_narrow, storm_palace_corner_reverse_hut],
          uniq_kirke, uniq_polyphemus, uniq_aizul
Spider:1: layout_spider_delve, hangedman_spider_tarantella_strand, uniq_azrael
Spider:2: layout_spider_delve
Spider:3: layout_cave_pods
Spider:4: guppyfry_spider_rune, hellmonk_motheaten_closet
Orc:1:    nicolae_orc_accident_1, layout_caves, ebering_ghost_rock_garden,
          elves_outpost_lemuel
Orc:2:    grunt_orc_community_town_hall, layout_diamond_mine,
          grunt_orc_community_big_house_1, grunt_orc_community_big_house_2,
          grunt_orc_community_house_1, grunt_orc_community_house_1,
          grunt_orc_community_house_3, grunt_orc_community_house_3,
          grunt_orc_community_house_1, grunt_orc_community_house_1, basic_altar
Elf:1:    minmay_coctagon, layout_geoelf_octagon, ebering_ghost_gozag,
          serial_shops, nicolae_shop_hallway_plus, minmay_elf_sorcery,
          amethyst_killhole, uniq_louise, uniq_nikola
Elf:2:    nicolae_elf_blades_crystal_corner, layout_gridlike, lemuel_elevator
Elf:3:    minmay_elf_hall_statues, layout_loops_corners, hangedman_elf_disciples
Vaults:1: st_quartered_hall, v_misc_29, hangedman_vaults_trim,
          nicolae_vaults_big_angled_halls, vaults_dpeg_encased_lava,
          nicolae_vaults_gold_heap, grunt_vaults_hallway_short,
          nicolae_vaults_big_ls, vaults_room_large_hall,
          nicolae_vaults_circle_grid_b, v_misc_11,
          nicolae_vaults_mini_display_case, nicolae_vaults_little_squares_5,
          dpeg_vaults_monster_box, layout_vaults_maze_bifur, serial_shops, shop
Vaults:2: nicolae_vaults_diagonal_hallway_9, hangedman_vaults_maws,
          vaults_standard_mumra_x, vaults_mumra_hex, layout_vaults_quadrants,
          serial_shops, shop, nicolae_trove_entry_free_sample, uniq_jory,
          uniq_margery, uniq_donald
Vaults:3: vaults_room_door_ring, minmay_crypt_entry_simple_plaza, v_misc_14,
          v_misc_9, nicolae_vaults_ring_of_whatevers, dpeg_vaults_monster_row,
          hangedman_vaults_stream, nicolae_vaults_little_squares_1,
          vaults_room_pool, minmay_guarded_unrand_guard_vaults, v_misc_5,
          v_misc_10, vaults_dpeg_cross, nicolae_vaults_little_squares_2,
          vaults_room_grid, ontoclasm_vaults_chip, layout_vaults_omnibox
Vaults:4: grunt_vaults_funnel, st_squares, hangedman_vaults_maws,
          hangedman_vaults_hat, hangedman_vaults_river_flow,
          hangedman_vaults_trim, ontoclasm_vaults_claustrophobia, v_rooms_3,
          ontoclasm_vaults_gateway, layout_vaults_ring
Vaults:5
Crypt:1:  layout_chaotic_city, fountainhead, uniq_zenata
Crypt:2:  layout_misc_corridors, grunt_ministairs_2, tombwall_bobbens,
          roderic_lattice_octagonal_star, lemuel_elevator
Crypt:3:  evilmike_haunted_forest
Depths:1: layout_basic, enter_ziggurat_c, roderic_roman_lattice,
          hangedman_tar_grid_catacomb, minmay_librarian
Depths:2: gammafunk_mikee_crab_dinner, layout_basic, pan_entry,
          nzn_wu_jian_council_hall, hellmouth_3, infiniplex_staircase_star,
          grunt_megastairs_5
Depths:3: dreamdust_hydra_shepherd, layout_cave_pools, hell_entry,
          abyss_entry_flame_altar, grunt_pan_entry_spiral,
          infiniplex_staircase_x
Depths:4: grunt_zot_entry_alcove, layout_small_grid, hell_entry,
          serial_bayou_shore_b, minmay_shoptagon, grunt_megastairs_2,
          serial_bayou_shore_b
Zot:1:    layout_onion
Zot:2:    layout_concentric_octagons
Zot:3:    layout_onion, zot_minivault_5
Zot:4:    layout_cathedral_of_symmetry, uniq_tiamat, uniq_grunn
Zot:5:    layout_onion

Skill      XL: |  1  2  3  4  5  6  7  8  9 10 11 12 13 14 15 16 17 18 19 20 21 22 23 24 25 26 |
---------------+-------------------------------------------------------------------------------+-----
Stealth        | 6 7 8 9 10 12 13 15 16 19 20 22 23 25 27 | 27.0
Short Blades   | 3 4 6 7 8 9 11 13 14 | 14.0
Throwing       | 3 4 5 6 |  6.0
Fighting       | 2 3 4 5 7 8 9 10 11 13 15 16 17 18 19 | 19.1
Dodging        | 2 6 9 10 13 15 | 15.0
Spellcasting   | 7 9 10 11 13 15 16 18 | 18.0
Summonings     | 4 6 8 10 12 15 16 17 18 | 18.0
Translocations | 4 10 12 14 | 14.1
Staves         | 2 |  2.3
Hexes          | 4 8 10 16 20 | 20.0
Shields        | 6 9 10 12 | 12.0

Action                   |  1- 3 |  4- 6 |  7- 9 | 10-12 | 13-15 | 16-18 | 19-21 | 22-24 | 25-27 || total
-------------------------+-------+-------+-------+-------+-------+-------+-------+-------+-------++-------
Melee: Dagger            |   112 |   100 |   108 |       |       |       |       |   988 |       ||  1308
       Punch             |     1 |     2 |     4 |     8 |     7 |    18 |       |       |       ||    40
       Short sword       |       |       |   336 |   229 |       |       |       |       |       ||   565
       Whip              |       |       |    32 |   188 |       |       |       |       |       ||   220
       Rapier            |       |       |       |   350 |   696 |  1206 |   977 |   448 |       ||  3677
       Knife             |       |       |       |       |       |       |       |   100 |   258 ||   358
       Headbutt          |       |       |       |       |       |       |       |       |    30 ||    30
Throw: Dart              |    20 |    14 |    55 |    42 |     2 |    33 |    46 |     6 |       ||   218
       Boomerang         |       |    51 |    40 |    13 |       |       |       |       |       ||   104
       Stone             |       |       |    74 |    39 |       |       |       |       |       ||   113
 Cast: Call Canine Famil |       |       |       |    22 |    41 |    89 |     7 |       |       ||   159
       Summon Guardian G |       |       |       |    20 |    44 |    44 |     9 |       |       ||   117
       Summon Ice Beast  |       |       |       |       |    17 |    14 |       |       |       ||    31
       Summon Mana Viper |       |       |       |       |       |   104 |    88 |    26 |    15 ||   233
       Cause Fear        |       |       |       |       |       |    11 |    12 |     4 |       ||    27
       Dispersal         |       |       |       |       |       |     3 |     4 |     7 |     1 ||    15
       Summon Hydra      |       |       |       |       |       |    95 |   325 |   358 |    59 ||   837
       Monstrous Menager |       |       |       |       |       |     2 |    26 |    31 |       ||    59
       Malign Gateway    |       |       |       |       |       |       |     1 |    21 |     2 ||    24
       Enfeeble          |       |       |       |       |       |       |       |   161 |    97 ||   258
Invok: Call Merchant     |       |       |       |       |       |       |     6 |     2 |       ||     8
       Bribe Branch      |       |       |       |       |       |       |       |       |     2 ||     2
Evoke: Wand              |       |    10 |     9 |     4 |       |     6 |     1 |     1 |     3 ||    34
       Phantom mirror    |       |       |       |       |       |     1 |       |       |       ||     1
  Use: Scroll            |       |       |     5 |    10 |     2 |    22 |    13 |    10 |     5 ||    67
       Potion            |       |       |     4 |     1 |     2 |     8 |     4 |     2 |    18 ||    39
 Stab: Sleeping          |    18 |    10 |    17 |    10 |    47 |    68 |    78 |    65 |    15 ||   328
       Distracted        |       |       |     8 |    16 |    19 |    37 |    41 |    86 |    22 ||   229
       Invisible         |       |       |       |       |       |     4 |     2 |   107 |    59 ||   172
       Fleeing           |       |       |       |       |       |       |     1 |     1 |       ||     2
       Paralysed         |       |       |       |       |       |       |     1 |       |       ||     1
       Petrified         |       |       |       |       |       |       |       |     2 |       ||     2
Armor: Robe              |    10 |    12 |    30 |    25 |    29 |    76 |    37 |    48 |    15 ||   282
       Troll leather arm |       |       |       |       |       |       |       |    18 |       ||    18
Dodge: Dodged            |    46 |    52 |   272 |   575 |   508 |  1015 |   387 |   807 |   174 ||  3836
       Repelled          |       |       |       |       |       |       |       |     6 |    13 ||    19
Block: Other             |       |       |    27 |   152 |   103 |   171 |       |       |       ||   453
       Reflection        |       |       |     5 |     7 |     2 |    19 |    48 |    19 |       ||   100
       Buckler           |       |       |       |       |       |   137 |   425 |   885 |    84 ||  1531
